Cogmind - Beta 17 @@@ ROGUE MODE // 2026.08.18 @ 20:37:57 Player: Dadrick Result: Destroyed by S-43 Plague with Heavy Machine Gun Performance ------------- Evolutions (9) 4500 Regions Visited (30) 6000 Robots Destroyed (407) 2035 Value Destroyed (21051) 21051 Prototype IDs (61) 1220 Alien Tech Used (1) 200 Bonus (11533) 11533 TOTAL SCORE: 46539 Bonus ------- High Alert Combat Kills 1649 Follower Combat Kills 1519 Hunted by Unchained 500 Entered Garrisons 400 Met Data Miner 300 Acquired ECA 300 Met Warlord at Base 500 MAIN.C Attacked Warlord 500 Warlord Defense Kills 2544 Met R17 at Cetus 500 Met Warlord at Research 2000 Invited to Help at Command 2000 Scanned by Researcher 500 Friendly Fire -1679 Cogmind --------- Core Integrity 0/1600 Matter 59/300 Energy 100/100 System Corruption 1% Temperature Cool (9) Movement Core (50) Location -1/Access Parts ------- > --- POWER (4) -------- (None) > --- PROPULSION (6) --- (None) > --- UTILITY (11) ----- Experimental Signal Interpreter Advanced Targeting Computer > --- WEAPON (4) ------- (None) > --- INVENTORY (5) ---- Experimental Core Analyzer Graphene Brace Enhanced Hardcell Cannon Z-bomb Delivery System Peak State ------------ > --- POWER ------------ Micro Antimatter Reactor Quantum Reactor Light Quantum Reactor > --- PROPULSION ------- Heavy Siege Treads Armored Heavy Treads Advanced Heavy Treads > --- UTILITY ---------- Experimental Heat Sink High-capacity Storage Unit Enhanced Optical Array Experimental Signal Interpreter Advanced Targeting Computer Experimental Targeting Computer Experimental Core Analyzer Layered Heavy Armor Plating Graphene Brace Long-range Tractor Beam > --- WEAPON ----------- Hypervelocity Railgun Hypervelocity Railgun Helical Railgun Enhanced Hardcell Cannon > --- INVENTORY -------- Light Quantum Reactor Matter Drive Advanced Cryofiber Web Experimental Matter Compressor Experimental Core Analyzer Layered Light Armor Plating Centrium Light Armor Plating Graphene Brace Advanced Focal Shield Improved Thermal Shield Advanced Point Defense System Hacking Suite Improved Hacking Suite Advanced Component Analysis Suite Enhanced Hardcell Cannon Z-bomb Delivery System Power Maul [Rating: 184] Favorites ----------- Power Meta Core Engine Light Deuterium Engine Power Core Meta Core Reactor Vortex Chain Reactor Propulsion Armored Treads Treads Armored Treads Leg Myomer Leg Wheel Armored Huge Wheel Hover Unit Improved Antigrav System Utility Large Storage Unit Device Advanced Sensor Array Storage Large Storage Unit Processor Advanced Signal Interpreter Hackware System Mapper Protection Centrium Medium Armor Plating Weapon Magnetic Acceleration Cannon Energy Gun Small Laser Energy Cannon Matter Neutralizer Ballistic Gun Gauss Rifle Ballistic Cannon Magnetic Acceleration Cannon Launcher Heavy Rocket Launcher Special Weapon Mining Laser Impact Weapon Power Maul Slashing Weapon Katana Piercing Weapon Heavy Pick Special Melee Weapon Improved Datajack Build | -11 -10 -10 -8 -8 -8 -7 -7 -7 -6 -6 -6 -6 -6 -6 -5 -5 -5 -5 -5 -4 -4 -4 -4 -4 -4 -3 -3 -2 -2 -1 ------- Run | Yrd Mat Sub Mat Gar Mat Fac Gar Fac Fac Was Fac Low Low Dat Pro Fac Upp Upp War Pro Fac Ext Cet Arc Hub Res Tes Res Qua Acc Slots Evolved 18 | . . . 4 . . 2 . . 2 . . . . . . 2 . . . . 2 . . . . 2 . 2 . 2 Power 3 | . . . . . . . . . 1 . . . . . . . . . . . 1 . . . . . . . . 1 Propulsion 4 | . . . 1 . . 1 . . . . . . . . . 1 . . . . . . . . . 1 . . . . Utility 9 | . . . 2 . . 1 . . 1 . . . . . . 1 . . . . 1 . . . . 1 . 1 . 1 Weapon 2 | . . . 1 . . . . . . . . . . . . . . . . . . . . . . . . 1 . . Parts Attached 331 | 8 9 9 20 15 18 18 24 12 20 . 17 7 . . 3 13 . 3 13 6 9 7 8 6 1 22 23 22 9 9 Power 41 | 1 . 2 2 2 2 1 3 . 3 . 2 . . . 1 1 . . 1 . . 1 1 . . 6 6 3 2 1 Engine 17 | 1 . 2 2 . 2 1 2 . 1 . 1 . . . . 1 . . . . . . . . . 3 1 . . . Core 8 | . . . . 2 . . 1 . 2 . . . . . 1 . . . 1 . . . 1 . . . . . . . Reactor 16 | . . . . . . . . . . . 1 . . . . . . . . . . 1 . . . 3 5 3 2 1 Propulsion 70 | 2 . 3 8 3 5 4 7 1 4 . . 1 . . 1 4 . . 3 1 3 . . 1 1 6 5 6 1 . Treads 42 | 2 . . 7 3 5 4 4 1 3 . . . . . 1 2 . . . . 2 . . 1 . 2 . 4 1 . Leg 15 | . . 3 . . . . 2 . . . . 1 . . . 1 . . 3 . 1 . . . . . 3 1 . . Wheel 12 | . . . 1 . . . 1 . 1 . . . . . . 1 . . . 1 . . . . 1 4 2 . . . Hover 1 | . . . . . . . . . . . . . . . . . . . . . . . . . . . . 1 . . Flight . | . . . . . . . . . . . . . . . . . . . . . . . . . . . . . . . Utility 128 | 2 5 1 6 3 6 9 7 8 8 . 7 2 . . 1 7 . 1 5 2 5 6 4 5 . 5 7 8 2 6 Device 52 | 1 1 . 2 1 2 7 1 1 4 . 3 1 . . . 4 . 1 1 2 2 4 1 4 . 2 3 1 1 2 Storage 10 | 1 2 . 1 . 1 . . . . . . . . . . 1 . . . . 1 1 . . . . 1 1 . . Processor 17 | . . . 1 . . 1 1 2 2 . . . . . . 2 . . 2 . . . . . . 2 2 2 . . Hackware 8 | . . . . . . . . . 1 . 1 . . . . . . . . . 2 . . 1 . . 1 . . 2 Protection 41 | . 2 1 2 2 3 1 5 5 1 . 3 1 . . 1 . . . 2 . . 1 3 . . 1 . 4 1 2 Artifact . | . . . . . . . . . . . . . . . . . . . . . . . . . . . . . . . Weapon 92 | 3 4 3 4 7 5 4 7 3 5 . 8 4 . . . 1 . 2 4 3 1 . 3 . . 5 5 5 4 2 Energy Gun 7 | 1 . 1 . 1 . . 1 . . . . . . . . . . . 2 . . . . . . . 1 . . . Energy Cannon 16 | . . 1 . . . . . . . . 3 2 . . . . . . . . 1 . 2 . . 2 4 . 1 . Ballistic Gun 30 | 2 . . . 5 3 4 4 1 . . . . . . . . . 1 1 1 . . 1 . . 1 . 4 2 . Ballistic Cannon 22 | . 3 . 2 . . . . 2 3 . 3 2 . . . 1 . 1 1 1 . . . . . 1 . 1 . 1 Launcher 10 | . . . 1 1 1 . 2 . 1 . 1 . . . . . . . . 1 . . . . . . . . 1 1 Special Weapon 1 | . 1 . . . . . . . . . . . . . . . . . . . . . . . . . . . . . Impact Weapon 2 | . . 1 . . . . . . . . . . . . . . . . . . . . . . . 1 . . . . Slashing Weapon 2 | . . . 1 . 1 . . . . . . . . . . . . . . . . . . . . . . . . . Piercing Weapon 1 | . . . . . . . . . . . 1 . . . . . . . . . . . . . . . . . . . Special Melee Weapon 1 | . . . . . . . . . 1 . . . . . . . . . . . . . . . . . . . . . Unidentified Prototypes 17 | . . . . . 1 . . . . . 1 . . . . . . . 4 1 3 1 1 1 . . 1 1 . 2 Corrupted Parts 4 | . . . . . . . . . . . . . . . . . . . . 3 . . . 1 . . . . . . System Corruption 20 | . . . . . . . . . . . . . . . . . . . . 12 . . . 8 . . . . . . Parts Lost 132 | . . 5 2 3 4 2 9 7 5 3 2 4 . . . 2 . . 10 3 2 2 . . 13 4 25 . 6 19 Power 21 | . . 1 . . 1 . 2 . 1 1 . . . . . . . . 1 . . 1 . . 2 2 7 . . 2 Propulsion 32 | . . 2 . . . . 4 1 1 . 1 1 . . . 2 . . 2 2 1 . . . 3 1 7 . 1 3 Utility 39 | . . 1 . 3 1 1 . 5 2 . 1 1 . . . . . . 2 . 1 1 . . 4 . 4 . 3 9 Weapon 40 | . . 1 2 . 2 1 3 1 1 2 . 2 . . . . . . 5 1 . . . . 4 1 7 . 2 5 Highest Loss Streak 13 | . . 2 1 2 1 1 4 3 4 3 1 4 . . . 2 . . 4 2 2 1 . . 13 3 13 . 3 12 To Critical Strikes 1 | . . . . . . . . . . . . . . . . . . . . . . . . . . . 1 . . . Average Backups 13 | 1 11 14 14 14 14 14 14 13 13 14 14 12 13 13 13 14 14 14 12 12 12 12 13 13 12 11 12 16 17 13 Power . | . 1 . 1 1 . . . . . 1 1 1 1 1 1 1 1 1 1 1 1 . . . . . . . 1 . Propulsion 1 | . . 1 2 3 3 2 1 2 1 1 . 1 1 1 1 . 1 1 1 1 . 1 1 2 1 2 1 1 . . Utility 6 | . 3 2 3 3 4 5 6 5 6 7 8 6 6 6 6 7 8 8 6 6 6 5 8 7 6 5 7 9 10 8 Weapon 4 | 1 6 8 6 4 3 4 3 3 3 4 3 2 3 3 3 3 3 3 3 3 4 5 3 3 3 4 3 5 4 2 Tool/Special . | . . . . . . . . . . . . . . . . . . . . . . . . . . . . . . . Unused Backups 43 | . . 1 3 1 4 5 1 . 3 . 3 1 . . . . . . 4 . . 1 1 . . 2 2 6 . 5 Power 5 | . . . 1 . . . . . . . . 1 . . . . . . 2 . . . . . . . . . . 1 Propulsion 11 | . . . 1 . 4 1 1 . . . . . . . . . . . 1 . . . . . . 1 1 1 . . Utility 17 | . . 1 . 1 . 1 . . 2 . 1 . . . . . . . 1 . . . 1 . . . 1 4 . 4 Weapon 10 | . . . 1 . . 3 . . 1 . 2 . . . . . . . . . . 1 . . . 1 . 1 . . Tool/Special . | . . . . . . . . . . . . . . . . . . . . . . . . . . . . . . . Average Slot Usage (%) 90 | . 99 97 95 98 99 99 92 89 86 82 90 89 93 76 91 85 88 87 86 93 85 78 82 83 82 79 84 79 81 59 Engine 4 | . 14 13 9 5 6 7 4 7 4 3 1 . . . . 4 5 5 4 . . . . . . 3 . 2 . . Core 2 | . . . . 3 2 . 2 . 4 5 5 6 6 6 10 5 5 5 5 11 10 5 5 5 4 . . . . . Reactor 2 | . . . . . . . . . . . 4 6 6 6 1 . . . . . . 4 5 5 4 6 9 8 13 8 Treads 15 | . 27 8 24 27 27 29 17 14 12 11 12 8 6 6 11 13 17 17 12 4 2 10 10 10 9 10 8 8 12 7 Leg 2 | . . 19 1 . . . . . . . . 3 6 6 1 1 . . 3 11 9 . . . . . 2 2 . . Wheel 3 | . . . . . . . 4 6 5 5 5 6 6 6 6 5 5 5 5 4 5 5 5 4 4 8 8 1 . . Device 10 | . 13 10 10 8 9 14 1 12 7 11 11 10 13 13 11 5 5 5 3 17 15 10 13 14 15 17 17 8 4 5 Storage 6 | . 14 14 9 9 9 7 7 7 5 5 5 6 6 6 6 5 5 5 5 5 5 5 5 5 5 4 4 4 4 2 Processor 12 | . . . 6 9 9 13 21 13 17 16 19 14 13 13 13 16 17 17 19 17 12 10 10 10 10 13 15 19 21 18 Protection 4 | . . 2 8 8 8 1 6 3 4 . . 6 6 6 6 5 5 5 4 . . 4 5 5 5 2 2 2 7 3 Energy Cannon 2 | . . 2 1 . . . . . . . 5 6 6 . 6 4 5 4 1 . . . 5 8 10 4 5 . 1 . Ballistic Gun 6 | . 5 . . 10 25 18 17 9 . . . . . . . . . . . 5 3 5 4 1 . 4 . 14 14 7 Ballistic Cannon 7 | . 15 18 17 8 . . . 4 14 12 10 9 13 2 13 11 11 11 9 11 9 9 5 5 4 . 2 . . 2 Slashing Weapon 1 | . . . 1 7 1 4 3 6 5 3 . . . . . . . . . . . . . . . . . . . . Peak Build Rating 184 | 7 10 18 30 29 36 49 51 55 83 83 90 85 83 83 83 94 90 91 110 109 121 138 142 145 135 153 157 177 179 184 Average Rating 74 | 5 8 14 23 28 33 44 45 50 64 76 80 80 83 69 82 89 90 89 97 103 115 133 136 135 130 121 136 158 173 128 On Entrance 79 | . 7 10 15 29 29 33 47 51 51 83 62 81 83 83 83 82 90 90 90 103 98 118 137 137 135 39 153 96 175 176 Avg Prop Armor Cover (%) 12 | . . . 13 . . . 11 15 10 16 14 10 12 16 12 10 12 12 11 14 13 8 14 15 15 16 15 4 6 . Naked Turns . | . . . . . . . . . . . . . . . . . . . . . . . . . . . . . . . Heaviest Build 150 | 12 32 40 45 42 42 50 50 81 72 59 72 73 69 68 85 87 83 83 85 65 70 110 116 116 105 99 104 146 150 137 Greatest Support 210 | 40 40 40 62 62 62 80 80 47 60 28 57 28 28 28 28 28 28 28 28 28 70 100 28 70 70 80 80 210 200 200 Greatest Overweight (x) 4 | . 1 1 1 . . . 1 2 2 2 2 2 2 2 3 3 2 2 3 2 2 3 4 4 3 3 3 1 1 4 Average Overweight (x) 1 | . . . . . . . . 1 1 1 1 1 2 1 2 2 2 2 2 2 1 1 3 3 2 1 2 . . . Largest Inventory Capacity 20 | 8 15 15 15 15 15 15 15 15 15 15 15 15 15 15 15 15 15 15 15 15 15 15 15 15 15 15 20 20 20 20 Average Capacity 15 | 7 14 15 15 15 15 15 15 15 15 15 15 15 15 15 15 15 15 15 15 15 15 15 15 15 15 15 16 20 20 15 Most Carried 20 | 3 15 15 15 15 15 15 15 15 15 14 15 15 15 15 15 15 15 15 15 15 15 15 15 15 15 15 15 20 20 18 Average Carried 14 | 1 11 14 14 14 14 14 14 13 13 14 14 14 15 15 14 14 15 15 13 14 14 13 14 14 14 12 13 17 18 12 Final Capacity 20 | 8 15 15 15 15 15 15 15 15 15 15 15 15 15 15 15 15 15 15 15 15 15 15 15 15 15 15 20 20 20 5 Final Carried 20 | 3 15 13 15 15 13 15 15 13 14 14 15 15 15 15 15 15 15 15 15 14 15 15 15 15 11 15 10 20 16 4 Class Distribution -------------------- 23% | Mutant 16% | Skirmisher 11% | Scavenger-Mutant 8% | Assassin 8% | Gunner 8% | Commander-Tank 5% | Tank 5% | Scavenger-Tank 5% | Scavenger-Gunner 3% | Hacker-Tank Dominant Class ---------------- Mutant | -10/Materials Mutant | -10/Subcaves Scavenger-Mutant | -8/Materials Mutant | -8/Garrison Tank | -8/Materials Assassin | -7/Factory Scavenger-Mutant | -7/Garrison Assassin | -7/Factory Mutant | -6/Factory Mutant | -6/Waste Skirmisher | -6/Factory Skirmisher | -6/Lower Caves Skirmisher | -6/Lower Caves Mutant | -6/Data Miner Skirmisher | -5/Proximity Caves Skirmisher | -5/Factory Skirmisher | -5/Upper Caves Skirmisher | -5/Upper Caves Gunner | -5/Warlord Gunner | -4/Proximity Caves Scavenger-Gunner | -4/Factory Hacker-Tank | -4/Extension Commander-Tank | -4/Cetus Commander-Tank | -4/Archives Commander-Tank | -4/Hub_04(d) Scavenger-Mutant | -3/Research Tank | -3/Testing Scavenger-Gunner | -2/Research Scavenger-Tank | -2/Quarantine Generator-Gunner | -1/Access Resources | -11 -10 -10 -8 -8 -8 -7 -7 -7 -6 -6 -6 -6 -6 -6 -5 -5 -5 -5 -5 -4 -4 -4 -4 -4 -4 -3 -3 -2 -2 -1 ----------- Run | Yrd Mat Sub Mat Gar Mat Fac Gar Fac Fac Was Fac Low Low Dat Pro Fac Upp Upp War Pro Fac Ext Cet Arc Hub Res Tes Res Qua Acc Matter Collected 19716 | 297 405 446 746 1079 1289 707 1545 985 1733 . 1265 468 . . 164 481 40 101 493 460 454 972 144 487 96 884 946 1262 1092 675 Remotely 4278 | . . . . . 118 . 225 168 953 . 340 138 . . . 210 . . . 224 133 414 . 234 . . 22 334 627 138 Salvage Created 18273 | 108 360 145 830 906 1291 793 1522 524 1480 . 1204 284 . . 474 621 . . 816 324 248 708 530 350 280 872 1367 548 1505 183 Parts 911 | 13 33 10 47 53 69 49 57 36 56 . 59 11 . . 19 52 . . 35 5 13 22 23 25 11 53 54 29 69 8 Haulers Intercepted 10 | . 1 . 3 . 4 . . . . . 1 . . . . . . . . . . . . . . . . . . 1 Recyclers Shooed 13 | . 1 . . . . 4 . . . . 1 . . . . 1 . . . . . 3 . . . 1 2 . . . Parts Field Recycled . | . . . . . . . . . . . . . . . . . . . . . . . . . . . . . . . Retrieved Matter . | . . . . . . . . . . . . . . . . . . . . . . . . . . . . . . . Parts Self-Destructed 22 | . . 3 . . . . . . . . . 11 . . 1 . 1 1 . 5 . . . . . . . . . . Prevented 2 | . . . . . . . . . . . . . . . . . . 2 . . . . . . . . . . . . Parts Restored . | . . . . . . . . . . . . . . . . . . . . . . . . . . . . . . . Kills | -11 -10 -10 -8 -8 -8 -7 -7 -7 -6 -6 -6 -6 -6 -6 -5 -5 -5 -5 -5 -4 -4 -4 -4 -4 -4 -3 -3 -2 -2 -1 ------- Run | Yrd Mat Sub Mat Gar Mat Fac Gar Fac Fac Was Fac Low Low Dat Pro Fac Upp Upp War Pro Fac Ext Cet Arc Hub Res Tes Res Qua Acc Combat Hostiles Destroyed 308 | . 9 8 16 22 26 10 29 16 18 . 17 7 . . 1 13 . . 19 7 4 7 6 1 3 11 25 8 17 8 Melee 2 | . . . . . . . . . . . . . . . . . . . . . . . . . . . 2 . . . Guns 105 | . 3 1 . 7 19 10 27 7 . . . . . . . . . . 2 4 . 3 . . . 3 . 8 11 . Cannons 128 | . 6 7 12 10 . . . 4 11 . 13 7 . . . 8 . . 7 3 3 3 1 1 1 8 17 . 5 1 AOE 54 | . . . 4 5 7 . 1 5 5 . 2 . . . . 5 . . 10 . . . 1 . 2 . . . . 7 Classes Destroyed 24 | 2 5 1 4 1 1 1 2 . . . . . . . . . . . 4 1 . . . . . . 1 1 . . Worker 14 | . 1 . . . 2 2 . 2 1 . . . . . . 2 . . . . . . . . 2 1 1 . . . Builder 18 | . . . 1 . 1 1 . . . . 4 . . . . 2 . . . . 1 2 . . 2 2 1 . 1 . Tunneler 5 | 3 . . . . . 1 . . . . 1 . . . . . . . . . . . . . . . . . . . Hauler 10 | . 1 . 3 . 4 . . . . . 1 . . . . . . . . . . . . . . . . . . 1 Recycler 23 | 1 2 . 4 . . 4 . . 5 . 2 . . . . . . . . . . 2 . . . 2 1 . . . Mechanic 2 | . . . 1 . 1 . . . . . . . . . . . . . . . . . . . . . . . . . Operator 13 | . . . . . 2 . . 2 . . . . . . . . . . . . . . . 8 . . . . 1 . Drone 2 | . . . . . . . . . . . . . . . . . . . . 2 . . . . . . . . . . Watcher 10 | . 1 . 1 . . 1 . . 2 . 1 . . . . 2 . . . . . 1 . . 1 . . . . . Swarmer 57 | . 5 . 6 5 4 3 11 . 3 . 3 2 . . . 5 . . 1 . . . . . . 4 5 . . . Saboteur 1 | . . . . . . . . . . . . . . . . . . . 1 . . . . . . . . . . . Grunt 105 | . 4 . 4 7 15 1 7 7 9 . 6 4 . . . . . . 7 3 . 2 . . . 2 7 2 12 6 Brawler 7 | . . . 1 . 1 . 1 2 1 . . . . . . . . . . . . . . . . . . . . 1 Duelist 4 | . . . . . . . 1 3 . . . . . . . . . . . . . . . . . . . . . . Protector 2 | . . . . . . . 1 1 . . . . . . . . . . . . . . . . . . . . . . Researcher 1 | . . . . . . . . . . . . . . . . . . . . . . . . . . . 1 . . . Sentry 39 | . . . 5 7 6 . 6 1 . . 2 1 . . . 3 . . . . 2 3 . 1 1 . 1 . . . Specialist 2 | . . . . . . . . . . . . . . . . . . . 1 . . . . . 1 . . . . . Hunter 22 | . . . . 3 . 2 . . 1 . . . . . . . . . 4 2 2 2 . . 1 . 4 1 . . Programmer 47 | . . . . . . 4 2 2 4 . 6 . . . 1 5 . . 2 . . . . . . 5 8 2 5 1 Behemoth 1 | . . . . . . . . . . . . . . . . . . . . . . . . . . . . 1 . . Cetus Guard 6 | . . . . . . . . . . . . . . . . . . . . . . . 6 . . . . . . . Striker 3 | . . . . . . . . . . . . . . . . . . . 1 . . . . . . . . 2 . . Executioner 2 | . . . . . . . . . . . . . . . . . . . 2 . . . . . . . . . . . Subdweller 8 | . . 8 . . . . . . . . . . . . . . . . . . . . . . . . . . . . Savage 1 | . . . . 1 . . . . . . . . . . . . . . . . . . . . . . . . . . Butcher 1 | . . . . . . . . . . . . . . . . . . . 1 . . . . . . . . . . . Best Kill Streak 11 | 3 3 1 5 4 6 3 11 5 4 . 5 6 . . 1 6 . . 10 3 1 4 4 2 4 4 6 3 9 7 Combat Bots Only 11 | . 3 1 3 4 5 3 11 4 4 . 3 6 . . 1 5 . . 10 3 1 3 4 1 2 4 5 3 8 7 Max Kills in Single Turn 4 | 1 1 1 2 2 4 1 2 2 1 . 2 1 . . 1 4 . . 4 1 1 2 1 1 2 2 2 2 2 2 Gunslinging 1 | . . . . . 1 . 1 . . . . . . . . . . . . . . . . . . . . . . . Exploded 4 | . . . 2 2 3 . 1 1 1 . 2 . . . . 4 . . 4 . . . 1 . 2 . . . . 2 Melee 1 | . . . . . . . . . . . . . . . . . . . . . . . . . . . 1 . . . Uniques/NPCs Destroyed 1 | . . . . . . . . . . . . . . . . . . . . . . . 1 . . . . . . . A7 (-4/Cetus) Combat | -11 -10 -10 -8 -8 -8 -7 -7 -7 -6 -6 -6 -6 -6 -6 -5 -5 -5 -5 -5 -4 -4 -4 -4 -4 -4 -3 -3 -2 -2 -1 -------- Run | Yrd Mat Sub Mat Gar Mat Fac Gar Fac Fac Was Fac Low Low Dat Pro Fac Upp Upp War Pro Fac Ext Cet Arc Hub Res Tes Res Qua Acc Hostile Shots Fired 3199 | . 48 49 57 101 123 108 403 116 144 2 138 57 12 . 4 52 . 6 222 57 58 54 34 . 239 106 394 94 146 375 Missed 942 | . 16 13 14 28 30 44 141 35 51 . 43 10 8 . . 7 . . 65 16 18 16 14 . 66 22 113 22 33 117 Hits 2257 | . 32 36 43 73 93 64 262 81 93 2 95 47 4 . 4 45 . 6 157 41 40 38 20 . 173 84 281 72 113 258 Melee 13 | . . . . . . . . 9 . 2 . . . . . . . . 2 . . . . . . . . . . . Projectile 2244 | . 32 36 43 73 93 64 262 72 93 . 95 47 4 . 4 45 . 6 155 41 40 38 20 . 173 84 281 72 113 258 AOE 6 | . . . . . . . 6 . . . . . . . . . . . . . . . . . . . . . . . Critical Strikes 105 | . . . 2 3 5 1 6 8 7 . 7 2 . . . 2 . . 9 2 1 1 4 . 3 6 10 5 18 3 Actively Blocked 3 | . . . . . . . . . . . . . . . . . . . . . . . . . . . . . . 3 Part Disruptions 2 | . . . . . . . . . . . . . . . . . . . . . . . . . . 1 . . 1 . Damage Taken 41348 | . 310 869 677 1080 1456 811 3261 1954 1791 81 1470 861 22 . 80 1057 . 115 3257 638 722 669 384 . 2657 1883 5350 2170 2320 5403 Core 5613 | . 10 164 43 116 206 31 394 178 167 . 219 95 . . . 148 . . 301 55 164 . 43 . 233 287 888 150 101 1620 Absorbed by Shields 1425 | . . . . . . . . . . . 159 20 . . . . . . 446 116 155 154 179 . 196 . . . . . Reduced by Siege Mode 451 | . . . . . . . . . . . . . . . . . . . . . 18 24 . . . 48 57 162 142 . Redirected to Shielding 32 | . 32 . . . . . . . . . . . . . . . . . . . . . . . . . . . . . Ignored by Resistances 340 | . . . . . . . . 40 . . . . . . . . . . . . . . . . . . . . 300 . Regen/Repaired (Parts) 2504 | . . . . . . . . 291 109 . 539 . . . . . . . 1199 . . . . . . . . 366 . . Core Remaining (%) 46 | 100 . 30 . . 33 . . 13 . . . . . . 43 . . . . 49 . . . . 61 . 9 . 82 . Volleys Fired 1238 | 5 36 42 66 57 73 28 80 67 48 . 70 24 11 . 42 62 26 6 33 34 21 40 44 58 19 47 96 39 47 17 Largest 4 | 2 2 2 3 3 3 3 3 3 3 . 3 3 1 . 3 3 1 1 3 3 3 3 1 3 3 3 3 4 4 4 Hottest 284 | 60 100 113 113 130 84 84 136 84 132 . 173 210 35 . 123 123 35 35 134 140 140 140 81 268 268 245 284 160 233 176 Shots Fired 2377 | 10 68 76 127 114 203 79 199 96 94 . 119 58 10 . 45 98 27 6 86 62 38 82 45 63 32 93 157 125 131 34 Gun 1010 | 10 22 8 . 47 195 79 185 51 . . . . . . . . . . 32 14 8 24 . 54 . 43 6 117 100 15 Cannon 1287 | . 45 68 125 62 . . . 31 80 . 114 58 10 . 45 95 27 6 50 48 30 58 45 9 30 50 151 8 30 12 Launcher 79 | . . . 2 5 8 . 14 14 14 . 5 . . . . 3 . . 4 . . . . . 2 . . . 1 7 Special 1 | . 1 . . . . . . . . . . . . . . . . . . . . . . . . . . . . . Kinetic 1703 | 7 56 60 115 108 195 79 168 82 80 . 52 25 . . 4 36 1 . 51 62 32 74 . 57 14 43 40 125 110 27 Thermal 494 | 3 12 16 12 1 . . 17 . . . 62 32 10 . 41 59 26 6 6 . . . 1 6 14 50 100 . 20 . Explosive 41 | . . . . 5 8 . 4 14 . . . . . . . . . . . . . . . . 2 . . . 1 7 Electromagnetic 114 | . . . . . . . 10 . 14 . 5 1 . . . 3 . . 4 . 6 8 44 . 2 . 17 . . . Entropic 25 | . . . . . . . . . . . . . . . . . . . 25 . . . . . . . . . . . Robot Hit Streak 61 | 6 11 22 13 11 19 7 18 22 15 . 10 9 . . 20 9 . . 8 11 15 15 11 12 6 15 16 19 34 61 Robot Miss Streak 6 | . 4 2 4 3 3 3 4 5 5 . 5 4 . . 3 5 . . 3 4 1 2 1 6 5 3 3 3 1 1 Penetration Max 2 | . . . . . . . 1 . . . . . . . . . . . 1 . . 1 . 1 . 1 . 1 2 1 Secondary Targets 18 | . 1 . . 1 2 2 7 1 . . . . . . . . . . . . . . . . . . . 2 2 . Max Gunslinging Chain 1 | . 1 . . 1 1 1 1 1 . . . . . . . . . . . . . . . . . . . 1 1 . Shots Hit Robots 1448 | 6 34 56 66 77 134 58 164 59 58 . 60 37 . . 20 34 . . 51 26 26 39 39 36 11 58 97 91 83 28 Core Hits 732 | 5 17 16 27 41 65 27 81 50 37 . 32 14 . . 8 23 . . 48 13 9 19 14 20 14 26 35 31 47 13 Critical Kills 34 | . . . . . 3 1 1 1 . . 1 . . . 1 . . . . 1 . . . 1 . . 6 7 10 1 Critical Parts Destroyed 57 | . . . 1 . 1 1 1 1 . . . . . . . . . . 5 . 2 . . 2 . . 8 16 18 1 Critical Strikes 132 | . 1 3 3 2 4 2 3 2 4 . 7 . . . 1 2 . . 8 2 2 1 . 3 . . 19 30 30 3 Burn 2 | . . . . . . . . . . . . . . . . . . . . . . . . . . . 2 . . . Meltdown 7 | . . . . . . . . . . . 1 . . . 1 . . . . . . . . . . . 4 . 1 . Destroy 76 | . . . . . 4 2 2 2 . . . . . . . . . . . 1 2 . . 3 . . . 30 27 3 Blast 24 | . 1 3 1 1 . . . . 2 . 4 . . . . 2 . . 3 1 . 1 . . . . 3 . 2 . Smash 11 | . . . 1 . . . . . . . . . . . . . . . . . . . . . . . 10 . . . Sever 5 | . . . 1 1 . . 1 . 2 . . . . . . . . . . . . . . . . . . . . . Impale 2 | . . . . . . . . . . . 2 . . . . . . . . . . . . . . . . . . . Detonate 5 | . . . . . . . . . . . . . . . . . . . 5 . . . . . . . . . . . Melee Attacks 279 | . . 19 11 41 6 35 55 18 36 . 24 . . . . . . . . . . . . . . 3 29 2 . . Impact 60 | . . 19 7 . . . . . . . . . . . . . . . . . . . . . . 3 29 2 . . Slashing 195 | . . . 4 41 6 35 55 18 36 . . . . . . . . . . . . . . . . . . . . . Piercing 23 | . . . . . . . . . . . 23 . . . . . . . . . . . . . . . . . . . Sneak Attacks 35 | . . . 6 . 3 11 . . 6 . 8 . . . . . . . . . . . . . . . 1 . . . Combat Hostiles . | . . . . . . . . . . . . . . . . . . . . . . . . . . . . . . . Follow-up Attacks . | . . . . . . . . . . . . . . . . . . . . . . . . . . . . . . . Damage Inflicted 50674 | 77 623 1131 2294 2267 3838 1593 4495 3020 2341 . 2675 1213 . . 644 1595 . . 4108 792 896 1594 1376 1106 973 2206 4442 750 1766 2859 Guns 12932 | 77 137 45 . 439 2392 776 2627 697 . . . . . . . . . . 871 310 186 437 . 916 . 1003 192 750 873 204 Cannons 20701 | . 486 1086 1282 1005 . . . 379 1163 . 1640 1213 . . 644 1370 . . 995 482 710 1125 916 190 482 1179 3106 . 893 355 Explosions 11591 | . . . 583 386 1195 . 453 1897 700 . 516 . . . . 225 . . 2242 . . 32 460 . 483 . 119 . . 2300 Melee 5370 | . . . 417 437 247 817 1415 47 478 . 519 . . . . . . . . . . . . . . . 993 . . . Ramming 80 | . . . 12 . 4 . . . . . . . . . . . . . . . . . . . 8 24 32 . . . Kinetic 23993 | 45 557 1033 1369 1444 2392 776 2310 1076 1163 . 914 502 . . . 926 . . 1003 792 715 1270 . 965 83 1003 1052 750 1294 559 Thermal 10042 | 32 66 98 496 . . . 317 . 44 . 860 673 . . 644 498 . . 1747 . . 32 460 141 331 1179 1952 . 472 . Explosive 6294 | . . . . 386 1195 . 33 1897 . . . . . . . . . . . . . . . . 483 . . . . 2300 Electromagnetic 4158 | . . . . . . . 420 . 656 . 382 38 . . . 171 . . 621 . 181 292 916 . 68 . 413 . . . Impact 1222 | . . . 229 . . . . . . . . . . . . . . . . . . . . . . . 993 . . . Slashing 3629 | . . . 188 437 247 817 1415 47 478 . . . . . . . . . . . . . . . . . . . . . Piercing 519 | . . . . . . . . . . . 519 . . . . . . . . . . . . . . . . . . . Entropic 737 | . . . . . . . . . . . . . . . . . . . 737 . . . . . . . . . . . Highest Corruption 36 | . . . . . . 9 8 16 3 13 26 26 26 26 27 3 3 3 3 13 6 6 6 8 3 13 36 1 9 1 Average Corruption 10 | . . . . . . 5 4 11 2 10 22 26 26 26 26 2 3 3 1 2 6 6 6 4 2 11 17 1 3 1 Corruption Purged 19 | . . . . . . 5 . . . . . . . . . . . . . . . . . 14 . . . . . . Corruption Blocked . | . . . . . . . . . . . . . . . . . . . . . . . . . . . . . . . Effects 609 | . . . . . . 65 61 65 4 4 122 24 12 6 29 1 10 9 3 9 8 37 13 12 . 27 69 8 11 . Message Errors 139 | . . . . . . 14 23 15 2 . 20 3 5 2 10 . 1 3 . 1 1 9 3 . . 9 15 2 1 . Matter Fused 142 | . . . . . . 16 13 17 1 2 23 2 . 1 7 . 5 1 . 6 2 10 3 4 . 5 18 3 3 . Heat Flow Errors 66 | . . . . . . 7 3 9 . . 14 6 2 . 3 . . 2 . . 1 3 2 2 . 5 6 . 1 . Energy Discharges 82 | . . . . . . 9 7 12 . 1 20 2 1 1 3 . 2 1 1 1 1 3 1 2 . 2 9 . 3 . Parts Rejected 3 | . . . . . . . . . . . 1 . . . . 1 . . . . . . . . . . 1 . . . Parts Fused 5 | . . . . . . . . . . . 1 1 . . . . . . . 1 . . . . . . 1 1 . . Data Loss (minor) 55 | . . . . . . 10 2 2 1 . 12 4 . 2 3 . 1 1 1 . 2 5 1 2 . 3 3 . . . Data Loss (major) 39 | . . . . . . 5 5 5 . . 10 1 2 . 1 . . 1 . . . 2 . 1 . . 6 . . . Misfires 28 | . . . . . . 2 3 1 . . 9 . . . . . 1 . . . 1 2 2 . . 2 3 1 1 . Alerts 18 | . . . . . . 2 . 2 . 1 2 2 1 . 1 . . . 1 . . 3 . . . . 2 . 1 . Misdirections 5 | . . . . . . . . . . . 3 1 . . . . . . . . . . . . . . 1 . . . Weapon Failures 27 | . . . . . . . 5 2 . . 7 2 1 . 1 . . . . . . . 1 1 . 1 4 1 1 . Overload Shots 7 | . . . . . . . . . . . . 2 . . . . . . . . . . . . . . 5 . . . Overflow Damage 2105 | . 2 . 213 89 129 139 31 56 109 . 201 40 . . 93 91 . . 115 . 21 10 64 . 26 106 552 . 1 17 Projectiles 665 | . 2 . 41 28 . . . 20 39 . 66 40 . . 93 63 . . . . 21 10 33 . . 106 88 . 1 14 Explosions 429 | . . . 67 53 36 . . 36 . . 34 . . . . 28 . . 115 . . . 31 . 26 . . . . 3 Melee 1011 | . . . 105 8 93 139 31 . 70 . 101 . . . . . . . . . . . . . . . 464 . . . Knockbacks 116 | . 7 11 11 16 . . . 4 12 . 9 4 . . . 5 . . 6 5 . 2 . . . 1 16 . 7 . Impact 6 | . . . 1 . . . . . . . . . . . . . . . . . . . . . . 1 4 . . . Kinetic 103 | . 7 11 10 13 . . . 4 11 . 9 4 . . . 4 . . 6 5 . 2 . . . . 10 . 7 . Secondary 7 | . . . . 3 . . . . 1 . . . . . . 1 . . . . . . . . . . 2 . . . Self-Inflicted Damage 1001 | . . . 148 89 90 . 76 454 10 . 26 . . . . . . . 11 . . . . . . 12 85 . . . Shots 24 | . . . 2 3 3 . 3 9 1 . 1 . . . . . . . 1 . . . . . . . 1 . . . Rammed 5 | . . . 1 . 1 . . . . . . . . . . . . . . . . . . . 1 2 . . . . Targets Rammed 6 | . . . 1 . 1 . . . . . . . . . . . . . . . . . . . 1 2 1 . . . Kicked 1 | . . . . . . . . . . . . . . . . . . . . . . . . . . . 1 . . . Crushed . | . . . . . . . . . . . . . . . . . . . . . . . . . . . . . . . Highest Temperature 600 | . 42 . 135 103 81 267 351 274 303 . 377 352 242 . 245 361 8 168 343 274 223 321 15 35 412 600 331 391 118 108 Average Temperature 103 | . 15 . 37 37 40 82 80 82 105 . 90 91 100 . 88 147 6 98 98 123 73 112 15 24 185 226 118 187 18 53 Received Heat Transfer 6481 | . 75 132 180 369 675 36 687 399 486 . 395 348 . . . 9 . . 438 45 46 95 31 . 481 75 298 470 252 459 Effects 17 | . . . . . . 1 1 . . . 1 5 . . . 2 . . . . . 3 . . . 1 . 3 . . Shutdowns 4 | . . . . . . . 1 . . . . . . . . . . . . . . . . . . . . 3 . . Energy Bleed 7 | . . . . . . 1 . . . . 1 3 . . . 1 . . . . . . . . . 1 . . . . Interference 5 | . . . . . . . . . . . . 2 . . . . . . . . . 3 . . . . . . . . Damage (minor) 1 | . . . . . . . . . . . . . . . . 1 . . . . . . . . . . . . . . Siege Activations 15 | . . . . . . . . . . . . . . . . . . . . . 2 3 1 . . 2 3 2 2 . Total Turns 233 | . . . . . . . . . . . . . . . . . . . . . 14 36 6 . . 48 33 27 69 . Longest Duration 57 | . . . . . . . . . . . . . . . . . . . . . 10 15 6 . . 42 18 19 57 . Martial Activations . | . . . . . . . . . . . . . . . . . . . . . . . . . . . . . . . Shielding Activations . | . . . . . . . . . . . . . . . . . . . . . . . . . . . . . . . Robots Disrupted 2 | . . . . . . . . . . . . 1 . . . . . . . . . . . . . . 1 . . . Combat Hostiles 2 | . . . . . . . . . . . . 1 . . . . . . . . . . . . . . 1 . . . Robots Corrupted 13 | . . . . . . . 1 . 2 . 1 . . . . . . . . . 1 1 5 . . . 2 . . . Combat Hostiles 12 | . . . . . . . 1 . 2 . 1 . . . . . . . . . 1 1 4 . . . 2 . . . Parts Fried 25 | . . . . . . . 1 . 3 . 1 . . . . . . . . . 1 5 8 . . . 6 . . . Impact Corruptions 25 | . . . 4 . . . . . . . . . . . . . . . . . . . . . . . 21 . . . Robots Melted 8 | . . . . . . . . . . . 1 . . . 1 . . . . . . . . . . . 5 . 1 . Combat Hostiles 7 | . . . . . . . . . . . 1 . . . 1 . . . . . . . . . . . 4 . 1 . Parts Melted 25 | . . . . . . . 4 . . . 1 2 . . 2 . . . . . . . . . . . 10 . 6 . Heat Transferred 10678 | 75 150 174 435 . . . 725 . 100 . 994 1010 . . 1000 650 . . 1500 . . 50 250 148 333 1073 1604 . 407 . Parts Sabotaged . | . . . . . . . . . . . . . . . . . . . . . . . . . . . . . . . Parts Stolen . | . . . . . . . . . . . . . . . . . . . . . . . . . . . . . . . Parts Stripped . | . . . . . . . . . . . . . . . . . . . . . . . . . . . . . . . Power Chain Reactions 11 | . . . . . . . . . 2 . . . . . . 2 . . 3 . . 1 2 . . . 1 . . . Alert | -11 -10 -10 -8 -8 -8 -7 -7 -7 -6 -6 -6 -6 -6 -6 -5 -5 -5 -5 -5 -4 -4 -4 -4 -4 -4 -3 -3 -2 -2 -1 ------- Run | Yrd Mat Sub Mat Gar Mat Fac Gar Fac Fac Was Fac Low Low Dat Pro Fac Upp Upp War Pro Fac Ext Cet Arc Hub Res Tes Res Qua Acc Maximum Alert Level 5 | . . . 1 4 3 2 5 4 2 . 1 . . . . . . . . . . 1 1 1 . . 1 . 1 1 Low Security (%) 54 | 100 100 . 52 5 . 66 4 . . 100 83 . . . . 100 . . . . 100 73 30 79 100 100 47 100 90 57 Level 1 17 | . . . 47 21 . 27 13 . 30 . 16 . . . . . . . . . . 26 69 20 . . 52 . 9 42 Level 2 8 | . . . . 20 27 5 9 . 69 . . . . . . . . . . . . . . . . . . . . . Level 3 11 | . . . . 43 72 . 28 53 . . . . . . . . . . . . . . . . . . . . . . Level 4 4 | . . . . 9 . . 16 46 . . . . . . . . . . . . . . . . . . . . . . Level 5 2 | . . . . . . . 27 . . . . . . . . . . . . . . . . . . . . . . . High Security . | . . . . . . . . . . . . . . . . . . . . . . . . . . . . . . . Max Security . | . . . . . . . . . . . . . . . . . . . . . . . . . . . . . . . Peak Influence 2426 | 5 70 . 286 1238 1049 453 2426 1279 584 128 279 . . . . 127 . . . . 166 255 335 290 111 109 386 197 257 354 Initial 1273 | . . . . 162 603 453 102 1273 548 128 47 . . . . . . . . . 166 11 123 103 . 9 40 175 25 144 Average 338 | . 16 . 157 665 795 213 1106 1029 416 104 82 . . . . 43 . . . . 78 106 232 78 37 26 181 105 78 189 Influence Increases 14090 | 20 306 . 789 1146 990 383 2574 674 649 . 692 141 . . 30 561 . . 395 130 283 685 394 336 313 375 912 373 565 374 Destroy 0b10 Robot/C 6640 | . 180 . 320 460 520 200 880 320 360 . 340 140 . . 20 260 . . 380 100 80 360 160 80 80 220 520 160 340 160 Destroy 0b10 Robot/NC 565 | 20 25 . 50 15 50 45 20 40 40 . 45 . . . . 30 . . . 10 5 35 10 40 30 25 15 . 10 5 Destroy Leader 1106 | . 44 . 88 30 148 62 40 72 94 . 104 . . . 10 64 . . . 20 30 46 . . 32 30 80 30 50 32 Allied During Kill 709 | . . . . 25 . . 199 10 . . . 1 . . . . . . . . . 149 170 102 53 . . . . . Successful Hack 216 | . 9 . 20 7 5 . 7 21 12 . 23 . . . . 41 . . . . . . 7 . 4 12 12 . 36 . Disable Machine 795 | . 30 . 165 15 75 45 30 60 15 . 75 . . . . 45 . . . . . 15 15 45 30 15 60 . 45 15 Anti-Garrison Action 1650 | . . . . 400 . . 1100 . . . . . . . . . . . . . . . . . . . . 150 . . Destroy Structure 1464 | . 3 . 101 164 87 16 133 106 53 . 75 . . . . 106 . . . . 18 80 32 54 84 58 120 18 84 72 Advance Influence 150 | . . . . . . . . . . . . . . . . . . . . . 150 . . . . . . . . . Partial Spotted 60 | . . . . . . 15 . . 15 . . . . . . . . . . . . . . 15 . . 15 . . . Lose Combat Pursuer 735 | . 15 . 45 30 105 . 165 45 60 . 30 . . . . 15 . . 15 . . . . . . 15 90 15 . 90 Influence Decreases 13912 | 20 259 47 539 158 1231 1234 294 1981 1401 299 483 386 32 . 30 438 123 . 240 259 284 489 356 595 295 320 673 639 370 437 Entered New Map 4205 | . . 23 . 88 635 544 44 1153 571 239 21 104 7 . . . 46 . . 155 10 14 98 156 . 9 33 137 21 97 Time Decay 7639 | 20 259 24 519 . 556 670 . 568 610 30 460 222 25 . 30 418 77 . 140 94 254 324 198 419 114 277 390 502 289 150 Lost Part 1182 | . . . 20 30 40 20 90 70 50 30 2 40 . . . 20 . . 100 10 20 11 . . 95 34 250 . 60 190 Lost Ally 530 | . . . . 40 . . 160 40 20 . . 20 . . . . . . . . . 140 60 20 30 . . . . . Purge Threat 356 | . . . . . . . . 150 150 . . . . . . . . . . . . . . . 56 . . . . . Squads Dispatched 86 | . 2 . 1 . 5 6 . 7 11 . 10 . . . . 7 . . . . 6 . . . 5 3 7 2 8 6 Investigation 12 | . 1 . . . 1 1 . . 2 . 1 . . . . 2 . . . . 1 . . . . . 1 1 . 1 Extermination 30 | . . . . . . 4 . 2 4 . 7 . . . . 3 . . . . 1 . . . 1 2 3 . 2 1 Reinforcement 27 | . 1 . 1 . 2 . . 1 5 . 2 . . . . 2 . . . . 1 . . . 4 1 2 1 3 1 Assault 6 | . . . . . 2 . . 4 . . . . . . . . . . . . . . . . . . . . . . Garrison 11 | . . . . . . 1 . . . . . . . . . . . . . . 3 . . . . . 1 . 3 3 Intercept . | . . . . . . . . . . . . . . . . . . . . . . . . . . . . . . . Searches Triggered . | . . . . . . . . . . . . . . . . . . . . . . . . . . . . . . . Unchained Authorized 1 | . . . . . . . . . . . . . . . . 1 . . . . . . . . . . . . . . Data Miner Redirects 2 | . . . . . . . . . . . . . . . . 1 . . . . . . . . . . 1 . . . Construction Impeded 7 | . . . . . 1 . . 1 . . 1 . . . . . . . . . 1 . . . 1 . . . 2 . Haulers Reinforced 2 | . . . . . . . . . . . . . . . . . . . . . . . . . . . . 1 . 1 Active Scanning Responses . | . . . . . . . . . . . . . . . . . . . . . . . . . . . . . . . Cargo Convoy Interrupts 1 | . . . . . . . . . 1 . . . . . . . . . . . . . . . . . . . . . Stealth | -11 -10 -10 -8 -8 -8 -7 -7 -7 -6 -6 -6 -6 -6 -6 -5 -5 -5 -5 -5 -4 -4 -4 -4 -4 -4 -3 -3 -2 -2 -1 --------- Run | Yrd Mat Sub Mat Gar Mat Fac Gar Fac Fac Was Fac Low Low Dat Pro Fac Upp Upp War Pro Fac Ext Cet Arc Hub Res Tes Res Qua Acc Distress Signals 34 | . 1 . 5 . 2 . . . 1 . 1 . . . . 1 . . 1 . . 3 2 . 2 . 1 8 1 5 Communications Jammed 37 | . . . . . . . . . . . . . . . . 3 . . . . . 2 . . 4 8 20 . . . Distress Signals 36 | . . . . . . . . . . . . . . . . 3 . . . . . 2 . . 3 8 20 . . . Times Spotted 627 | . 18 9 30 24 40 19 54 30 31 6 29 8 1 . 1 27 3 1 72 8 5 22 11 31 13 18 39 20 24 33 Peak Tracking Total 15 | . 3 2 5 7 6 3 7 5 4 6 5 4 1 . 1 5 5 2 15 3 2 4 5 1 10 5 7 5 6 15 Tactical Retreats 36 | . 1 . 3 1 6 . 8 3 3 . 1 . . . . 2 . . 1 . . . . . . 1 2 1 . 3 Traps | -11 -10 -10 -8 -8 -8 -7 -7 -7 -6 -6 -6 -6 -6 -6 -5 -5 -5 -5 -5 -4 -4 -4 -4 -4 -4 -3 -3 -2 -2 -1 ------- Run | Yrd Mat Sub Mat Gar Mat Fac Gar Fac Fac Was Fac Low Low Dat Pro Fac Upp Upp War Pro Fac Ext Cet Arc Hub Res Tes Res Qua Acc Traps Triggered 35 | . 3 2 . 1 1 1 9 3 2 . 9 . . . . 1 . . . . . 1 . . . . 1 . . 1 Indirectly 3 | . . . . . . . 2 . . . 1 . . . . . . . . . . . . . . . . . . . Trap Hack Attempts . | . . . . . . . . . . . . . . . . . . . . . . . . . . . . . . . Triggered . | . . . . . . . . . . . . . . . . . . . . . . . . . . . . . . . Disarmed . | . . . . . . . . . . . . . . . . . . . . . . . . . . . . . . . Reprogrammed . | . . . . . . . . . . . . . . . . . . . . . . . . . . . . . . . Reused . | . . . . . . . . . . . . . . . . . . . . . . . . . . . . . . . Traps Extracted . | . . . . . . . . . . . . . . . . . . . . . . . . . . . . . . . Installed . | . . . . . . . . . . . . . . . . . . . . . . . . . . . . . . . Triggered . | . . . . . . . . . . . . . . . . . . . . . . . . . . . . . . . Machines | -11 -10 -10 -8 -8 -8 -7 -7 -7 -6 -6 -6 -6 -6 -6 -5 -5 -5 -5 -5 -4 -4 -4 -4 -4 -4 -3 -3 -2 -2 -1 ---------- Run | Yrd Mat Sub Mat Gar Mat Fac Gar Fac Fac Was Fac Low Low Dat Pro Fac Upp Upp War Pro Fac Ext Cet Arc Hub Res Tes Res Qua Acc Machines Disabled 77 | . 2 1 11 8 5 3 12 4 1 . 5 3 . . . 3 . . . . . 1 2 3 2 1 5 1 3 1 Max in Single Turn 4 | . 1 1 2 2 2 1 2 1 1 . 4 1 . . . 1 . . . . . 1 2 1 1 1 1 1 1 1 Garrison Access 2 | . . . . . . . . . 1 . . . . . . . . . . . . . . . . . . 1 . . Garrison Relay 10 | . . . . 5 . . 5 . . . . . . . . . . . . . . . . . . . . . . . Phase Generator 2 | . . . . 1 . . 1 . . . . . . . . . . . . . . . . . . . . . . . Machines Repaired . | . . . . . . . . . . . . . . . . . . . . . . . . . . . . . . . Machines Dismantled . | . . . . . . . . . . . . . . . . . . . . . . . . . . . . . . . Machines Sabotaged . | . . . . . . . . . . . . . . . . . . . . . . . . . . . . . . . Overloaded Fab Kills . | . . . . . . . . . . . . . . . . . . . . . . . . . . . . . . . Hacking | -11 -10 -10 -8 -8 -8 -7 -7 -7 -6 -6 -6 -6 -6 -6 -5 -5 -5 -5 -5 -4 -4 -4 -4 -4 -4 -3 -3 -2 -2 -1 --------- Run | Yrd Mat Sub Mat Gar Mat Fac Gar Fac Fac Was Fac Low Low Dat Pro Fac Upp Upp War Pro Fac Ext Cet Arc Hub Res Tes Res Qua Acc Machines Accessed 110 | . 6 2 7 2 6 9 3 9 7 . 14 3 . 4 . 9 . 3 3 . 3 2 1 . 2 5 3 2 4 1 Terminals 68 | . 4 . 5 2 6 7 3 8 2 . 8 1 . . . 8 . . . . 2 2 1 . 2 2 1 . 3 1 Fabricators . | . . . . . . . . . . . . . . . . . . . . . . . . . . . . . . . Repair Stations 4 | . . . . . . . . 1 1 . 2 . . . . . . . . . . . . . . . . . . . Recycling Units 7 | . 2 . 1 . . . . . 1 . 1 . . . . . . . . . . . . . . 2 . . . . Scanalyzers 9 | . . . . . . 1 . . 1 . 2 . . . . 1 . . . . . . . . . 1 1 1 1 . Garrison Access 8 | . . . 1 . . 1 . . 2 . 1 . . . . . . . . . 1 . . . . . 1 1 . . Total Hacks 264 | . 11 10 18 4 17 15 7 24 12 . 29 11 . 29 . 17 . 5 9 . 6 3 2 . 4 11 5 4 9 2 Successful 141 | . 7 10 8 2 6 5 1 8 7 . 14 11 . 29 . 3 . 5 9 . 2 1 1 . 4 5 1 . 2 . Failed 122 | . 4 . 10 2 11 10 6 16 5 . 15 . . . . 14 . . . . 4 2 1 . . 5 4 4 7 2 Catastrophic 34 | . 1 . 3 . 1 4 2 5 1 . 5 . . . . 5 . . . . 2 . . . . . 2 1 1 1 Database Lockouts 1 | . . . . . . . . . . . . . . . . . . . . . . . . . . 1 . . . . Manual 79 | . . . 13 . 14 5 . 11 6 . 6 . . . . 16 . . 1 . 1 . 1 . 2 2 . . 1 . Terminals 152 | . 9 . 15 4 17 11 7 19 5 . 17 6 . . . 16 . . . . 5 3 2 . 4 3 1 . 6 2 Fabricators . | . . . . . . . . . . . . . . . . . . . . . . . . . . . . . . . Repair Stations 11 | . . . . . . . . 5 1 . 5 . . . . . . . . . . . . . . . . . . . Recycling Units 12 | . 2 . 2 . . . . . 1 . 2 . . . . . . . . . . . . . . 5 . . . . Scanalyzers 20 | . . . . . . 3 . . 2 . 4 . . . . 1 . . . . . . . . . 3 2 2 3 . Garrison Access 11 | . . . 1 . . 1 . . 3 . 1 . . . . . . . . . 1 . . . . . 2 2 . . Terminal Hacks 98 | . 5 10 3 2 5 1 1 2 1 . 5 11 . 29 . . . 5 9 . 2 1 1 . 3 1 . . 1 . Record 40 | . . 8 . . . . . . . . . 10 . 11 . . . 3 8 . . . . . . . . . . . Part Schematic 9 | . . . . . . . . . . . . . . 9 . . . . . . . . . . . . . . . . Robot Schematic 6 | . . . . . . . . . . . . . . 6 . . . . . . . . . . . . . . . . Prototype ID Bank 6 | . 2 . . . 1 . . . . . . . . 3 . . . . . . . . . . . . . . . . Open Door 8 | . . 1 . 1 . . 1 . . . . 1 . . . . . 2 1 . . . 1 . . . . . . . Branch Access Points 4 | . . . 1 . . 1 . . . . 1 . . . . . . . . . 1 . . . . . . . . . Emergency Access Points 1 | . . . . 1 . . . . . . . . . . . . . . . . . . . . . . . . . . Alert Level 3 | . . . . . . . . 1 . . 1 . . . . . . . . . . 1 . . . . . . . . Unreport Threat 3 | . . . . . . . . 1 1 . . . . . . . . . . . . . . . 1 . . . . . Locate Traps 1 | . 1 . . . . . . . . . . . . . . . . . . . . . . . . . . . . . Garrison Status 1 | . . . . . 1 . . . . . . . . . . . . . . . . . . . . . . . . . Recall Reinforcements 1 | . . . . . . . . . . . 1 . . . . . . . . . . . . . . . . . . . Hauler Manifests 3 | . 1 . 1 . . . . . . . 1 . . . . . . . . . . . . . . . . . . . Registered Components 2 | . . . . . . . . . . . 1 . . . . . . . . . 1 . . . . . . . . . Zone Layout 9 | . 1 . 1 . 3 . . . . . . . . . . . . . . . . . . . 2 1 . . 1 . Proto ID Catalog 1 | . . 1 . . . . . . . . . . . . . . . . . . . . . . . . . . . . Fabricator Hacks . | . . . . . . . . . . . . . . . . . . . . . . . . . . . . . . . Repair Station Hacks 8 | . . . . . . . . 4 . . 4 . . . . . . . . . . . . . . . . . . . Scan Component 4 | . . . . . . . . 2 . . 2 . . . . . . . . . . . . . . . . . . . Repair 4 | . . . . . . . . 2 . . 2 . . . . . . . . . . . . . . . . . . . Recycling Unit Hacks 8 | . 2 . 2 . . . . . 1 . 2 . . . . . . . . . . . . . . 1 . . . . Process 1 | . . . 1 . . . . . . . . . . . . . . . . . . . . . . . . . . . Report Inventory 4 | . 1 . . . . . . . 1 . 1 . . . . . . . . . . . . . . 1 . . . . Retrieve Matter 1 | . . . 1 . . . . . . . . . . . . . . . . . . . . . . . . . . . Retrieve Components 2 | . 1 . . . . . . . . . 1 . . . . . . . . . . . . . . . . . . . Scanalyzer 12 | . . . . . . 3 . . 2 . 2 . . . . 1 . . . . . . . . . 2 1 . 1 . Insert Component 1 | . . . . . . . . . . . 1 . . . . . . . . . . . . . . . . . . . Retrieve Study 11 | . . . . . . 3 . . 2 . 1 . . . . 1 . . . . . . . . . 2 1 . 1 . Garrison Access Hacks 3 | . . . 1 . . 1 . . 1 . . . . . . . . . . . . . . . . . . . . . Unlock Access 2 | . . . 1 . . 1 . . . . . . . . . . . . . . . . . . . . . . . . Seal Access 1 | . . . . . . . . . 1 . . . . . . . . . . . . . . . . . . . . . Unauthorized Hacks 12 | . . . 2 . 1 . . 2 2 . 1 . . . . 2 . . . . . . . . 1 1 . . . . Terminals 11 | . . . 2 . 1 . . 2 1 . 1 . . . . 2 . . . . . . . . 1 1 . . . . Assimilate 2 | . . . . . . . . . 1 . . . . . . 1 . . . . . . . . . . . . . . Botnet 9 | . . . 2 . 1 . . 2 . . 1 . . . . 1 . . . . . . . . 1 1 . . . . Fabricators . | . . . . . . . . . . . . . . . . . . . . . . . . . . . . . . . Repair Stations 1 | . . . . . . . . . 1 . . . . . . . . . . . . . . . . . . . . . Patch 1 | . . . . . . . . . 1 . . . . . . . . . . . . . . . . . . . . . Recycling Units . | . . . . . . . . . . . . . . . . . . . . . . . . . . . . . . . Scanalyzers . | . . . . . . . . . . . . . . . . . . . . . . . . . . . . . . . Garrison Access . | . . . . . . . . . . . . . . . . . . . . . . . . . . . . . . . Data Cores Recovered 5 | . . . . . 1 . . 3 . . . . . . . . . . . . . . . . . . . . 1 . Used . | . . . . . . . . . . . . . . . . . . . . . . . . . . . . . . . Hacking Detections 78 | . 5 . 5 1 4 7 3 8 3 . 12 1 . . . 9 . . . . 3 2 1 . 2 4 2 2 3 1 Full Trace Events 10 | . . . . . . 1 1 . 1 . . 1 . . . 2 . . . . 1 . . . . . 1 1 . 1 Feedback Events . | . . . . . . . . . . . . . . . . . . . . . . . . . . . . . . . Feedback Blocked . | . . . . . . . . . . . . . . . . . . . . . . . . . . . . . . . Robot Schematics Acquired 7 | . . . . . . . . . . . . . . 6 . . . . . . . . . . . . 1 . . . Robots Built . | . . . . . . . . . . . . . . . . . . . . . . . . . . . . . . . Authchips . | . . . . . . . . . . . . . . . . . . . . . . . . . . . . . . . Time . | . . . . . . . . . . . . . . . . . . . . . . . . . . . . . . . Total Robot Build Rating . | . . . . . . . . . . . . . . . . . . . . . . . . . . . . . . . Part Schematics Acquired 11 | . . . . . . . . . . . . . . 9 . . . . . . . . . . . . 2 . . . Parts Built . | . . . . . . . . . . . . . . . . . . . . . . . . . . . . . . . Authchips . | . . . . . . . . . . . . . . . . . . . . . . . . . . . . . . . Time . | . . . . . . . . . . . . . . . . . . . . . . . . . . . . . . . Total Part Build Rating . | . . . . . . . . . . . . . . . . . . . . . . . . . . . . . . . Part Studies Acquired 11 | . . . . . . 3 . . 2 . 1 . . . . 1 . . . . . . . . . 2 1 . 1 . Parts Repaired 4 | . . . . . . . . 2 . . 2 . . . . . . . . . . . . . . . . . . . Time 188 | . . . . . . . . 88 . . 100 . . . . . . . . . . . . . . . . . . . Parts Recycled . | . . . . . . . . . . . . . . . . . . . . . . . . . . . . . . . Recycled Matter 94 | . . . 94 . . . . . . . . . . . . . . . . . . . . . . . . . . . Retrieved Matter 94 | . . . 94 . . . . . . . . . . . . . . . . . . . . . . . . . . . Retrieved Components 6 | . 3 . . . . . . . . . 3 . . . . . . . . . . . . . . . . . . . Parts Scanalyzed 1 | . . . . . . . . . . . 1 . . . . . . . . . . . . . . . . . . . Part Schematics Acquired . | . . . . . . . . . . . . . . . . . . . . . . . . . . . . . . . Parts Damaged . | . . . . . . . . . . . . . . . . . . . . . . . . . . . . . . . Bothacking | -11 -10 -10 -8 -8 -8 -7 -7 -7 -6 -6 -6 -6 -6 -6 -5 -5 -5 -5 -5 -4 -4 -4 -4 -4 -4 -3 -3 -2 -2 -1 ------------ Run | Yrd Mat Sub Mat Gar Mat Fac Gar Fac Fac Was Fac Low Low Dat Pro Fac Upp Upp War Pro Fac Ext Cet Arc Hub Res Tes Res Qua Acc Used RIF Installer . | . . . . . . . . . . . . . . . . . . . . . . . . . . . . . . . Robots Hacked 1 | . . . . . . . . . . . 1 . . . . . . . . . . . . . . . . . . . Non-combat 1 | . . . . . . . . . . . 1 . . . . . . . . . . . . . . . . . . . Combat . | . . . . . . . . . . . . . . . . . . . . . . . . . . . . . . . Robot Hacks Applied 1 | . . . . . . . . . . . 1 . . . . . . . . . . . . . . . . . . . no_distress 1 | . . . . . . . . . . . 1 . . . . . . . . . . . . . . . . . . . Relay Couplers Released 44 | . . . . 21 . . 23 . . . . . . . . . . . . . . . . . . . . . . . Machine Destruction 44 | . . . . 21 . . 23 . . . . . . . . . . . . . . . . . . . . . . . Fabnet Peak Effective % . | . . . . . . . . . . . . . . . . . . . . . . . . . . . . . . . Robots Rewired 24 | . . . . 3 . . 9 . . . . 1 . . . . . . . . . 11 . . . . . . . . Allies Hacked 1 | . . . . . . . 1 . . . . . . . . . . . . . . . . . . . . . . . Hacks Repelled . | . . . . . . . . . . . . . . . . . . . . . . . . . . . . . . . Allies | -11 -10 -10 -8 -8 -8 -7 -7 -7 -6 -6 -6 -6 -6 -6 -5 -5 -5 -5 -5 -4 -4 -4 -4 -4 -4 -3 -3 -2 -2 -1 -------- Run | Yrd Mat Sub Mat Gar Mat Fac Gar Fac Fac Was Fac Low Low Dat Pro Fac Upp Upp War Pro Fac Ext Cet Arc Hub Res Tes Res Qua Acc Total Allies 36 | . . . . 3 . . 11 . 1 . . 1 . . . 1 . . . . . 19 . . . . . . . . Largest Group 12 | . . . . 3 . . 9 3 1 . . 1 . . . 1 . . . . . 12 12 8 7 . . . . . Highest-Rated Group 607 | . . . . 82 . . 289 100 10 . . 41 . . . 26 . . . . . 607 607 325 296 . . . . . Highest-Rated Ally 159 | . . . . 31 . . 80 39 10 . . 41 . . . 26 . . . . . 159 159 51 51 . . . . . Initial Warlord ECA Mod 22 | . . . . . 10 9 9 22 21 21 21 21 21 21 20 20 20 20 20 19 19 19 19 19 19 18 18 17 17 16 Total Orders 5 | . . . . . . . . . 3 . . . . . . . . . . . . . . 2 . . . . . . STAY 1 | . . . . . . . . . . . . . . . . . . . . . . . . 1 . . . . . . FOLLOW 1 | . . . . . . . . . . . . . . . . . . . . . . . . 1 . . . . . . EXPLORE 3 | . . . . . . . . . 3 . . . . . . . . . . . . . . . . . . . . . Ally Attacks 332 | . . . . 22 . . 89 31 . . . 4 . . . . . . . . . 87 52 9 38 . . . . . Total Damage 7377 | . . . . 335 . . 2072 505 . . . 155 . . . . . . . . . 2275 1050 177 808 . . . . . Kills 44 | . . . . 1 . . 16 5 . . . . . . . . . . . . . 13 4 3 2 . . . . . Allies Corrupted 1 | . . . . . . . . . . . . . . . . . . . . . . . 1 . . . . . . . Allies Melted 1 | . . . . . . . . . . . . . . . . . . . . . . . . . . . . 1 . . Intel | -11 -10 -10 -8 -8 -8 -7 -7 -7 -6 -6 -6 -6 -6 -6 -5 -5 -5 -5 -5 -4 -4 -4 -4 -4 -4 -3 -3 -2 -2 -1 ------- Run | Yrd Mat Sub Mat Gar Mat Fac Gar Fac Fac Was Fac Low Low Dat Pro Fac Upp Upp War Pro Fac Ext Cet Arc Hub Res Tes Res Qua Acc Active Infowar (turns) 27914 | 38 1485 1988 1623 74 566 2460 38 1641 1673 73 2322 351 260 104 564 1425 635 535 339 523 557 723 159 2084 353 1466 1530 1349 677 299 Optics 4713 | . . . . . . . . . . . . . . . . . . . . . . . . . . 858 1530 1349 677 299 Sensors 20465 | . . . 1188 6 566 2460 34 1629 1673 73 2275 330 260 104 564 1033 635 535 339 518 531 664 159 2084 336 1345 1116 . . 8 Terrain 4996 | . . . . . . 1923 31 1003 121 73 1845 . . . . . . . . . . . . . . . . . . . Traps 25 | . . . . . . . . . . . . . . . . 25 . . . . . . . . . . . . . . Seismic 4014 | 38 1485 1988 435 68 . . . . . . . . . . . . . . . . . . . . . . . . . . Jamming 4928 | . . . . . . . . . 89 . 362 21 . 10 480 392 . . . 14 267 571 . . 303 1157 1262 . . . Robot Analysis Total . | . . . . . . . . . . . . . . . . . . . . . . . . . . . . . . . Derelict Logs Recovered 4 | . . . . . . . . . . . . 1 . . . . . 2 . 1 . . . . . . . . . . Drone Launches 3 | . . . . . . . . . 3 . . . . . . . . . . . . . . . . . . . . . Drone Recoveries 1 | . . . . . . . . . 1 . . . . . . . . . . . . . . . . . . . . . Exploration | -11 -10 -10 -8 -8 -8 -7 -7 -7 -6 -6 -6 -6 -6 -6 -5 -5 -5 -5 -5 -4 -4 -4 -4 -4 -4 -3 -3 -2 -2 -1 ------------- Run | Yrd Mat Sub Mat Gar Mat Fac Gar Fac Fac Was Fac Low Low Dat Pro Fac Upp Upp War Pro Fac Ext Cet Arc Hub Res Tes Res Qua Acc Turns Passed 36738 | 159 1594 2722 1627 1585 1635 2583 2730 1705 1992 73 2610 466 260 104 564 1506 635 540 996 618 557 1212 413 2122 364 1509 1530 1349 677 301 Spaces Moved 18277 | 85 775 1464 786 774 648 1233 1281 810 1051 67 1564 293 196 90 367 956 382 431 654 413 339 448 164 197 201 672 732 682 291 231 Core 146 | 5 . . . . . . . . . . . . . . . . . . . . . . . . . . . . . 141 Treads 7026 | 80 775 429 726 774 648 1233 665 112 231 . 105 . . . . . . . . . 46 237 . 1 3 104 46 430 291 90 Legs 1373 | . . 1035 4 . . . . . . . . . . . . . . . . . . . . . . . 82 252 . . Wheels 9732 | . . . 56 . . . 616 698 820 67 1459 293 196 90 367 956 382 431 654 413 293 211 164 196 198 568 604 . . . Hover . | . . . . . . . . . . . . . . . . . . . . . . . . . . . . . . . Flight . | . . . . . . . . . . . . . . . . . . . . . . . . . . . . . . . Fastest Speed 50 | 50 160 130 120 155 155 170 115 115 105 90 90 105 120 105 120 120 120 120 120 120 105 105 135 135 90 90 105 115 162 50 Average Speed 143 | 153 160 165 156 155 164 170 146 134 143 109 123 118 120 106 122 120 120 120 121 120 125 189 136 136 135 132 138 165 167 99 Slowest Speed 270 | 160 240 200 240 155 170 170 250 250 245 120 245 120 120 120 135 135 120 120 135 120 180 270 150 270 270 240 260 270 247 270 Overloaded Moves . | . . . . . . . . . . . . . . . . . . . . . . . . . . . . . . . Propulsion Burnouts . | . . . . . . . . . . . . . . . . . . . . . . . . . . . . . . . Robots Hopped . | . . . . . . . . . . . . . . . . . . . . . . . . . . . . . . . Potential Cave-ins 20 | . . . . . . . . 4 . . 2 . . . . 2 . . . 2 2 8 . . . . . . . . Cave-ins Triggered 2 | . . . . . . . . 1 . . . . . . . . . . . . 1 . . . . . . . . . Exploration Rate (%) 51 | 5 96 77 53 93 63 37 95 31 39 69 57 37 37 68 51 33 60 58 71 58 10 62 65 77 22 16 61 34 36 11 Regions Visited 30 Branch Regions 15 Pre-discovered Areas 3 | . . . . . . . . . . . . 2 . 1 . . . . . . . . . . . . . . . . Known Exits Taken 23 | . . . 1 . 1 1 . 1 . . 1 1 1 1 1 1 1 1 1 1 1 1 1 1 1 1 1 1 1 . Unknown Exits Taken 3 | 1 1 1 . . . . . . . . . . . . . . . . . . . . . . . . . . . . Scrap Searched 11 | . . 3 . . . . . . . . . 2 1 . 1 . 1 1 . 2 . . . . . . . . . . Spaces Dug 323 | . 1 10 7 . 1 15 2 25 24 . 42 . 8 . 19 30 21 6 . 16 6 14 . . 7 16 33 6 13 1 Terrain Destroyed 1381 | . 3 10 93 105 116 17 204 117 55 . 75 11 8 . 25 60 27 6 76 43 13 43 15 37 40 31 68 10 40 33 Melee 85 | . . 10 4 . 1 15 2 15 22 . 12 . . . . . . . . . . . . . . 3 . 1 . . Projectile 557 | . 3 . 10 1 . 2 4 12 27 . 47 11 8 . 25 51 27 6 46 43 13 40 1 37 15 28 64 8 25 3 AOE 737 | . . . 79 104 115 . 198 90 6 . 16 . . . . 9 . . 30 . . 3 14 . 25 . 4 . 14 30 Terrain Rammed . | . . . . . . . . . . . . . . . . . . . . . . . . . . . . . . . Walls Destroyed . | . . . . . . . . . . . . . . . . . . . . . . . . . . . . . . . Machines Disabled . | . . . . . . . . . . . . . . . . . . . . . . . . . . . . . . . Actions | -11 -10 -10 -8 -8 -8 -7 -7 -7 -6 -6 -6 -6 -6 -6 -5 -5 -5 -5 -5 -4 -4 -4 -4 -4 -4 -3 -3 -2 -2 -1 --------- Run | Yrd Mat Sub Mat Gar Mat Fac Gar Fac Fac Was Fac Low Low Dat Pro Fac Upp Upp War Pro Fac Ext Cet Arc Hub Res Tes Res Qua Acc Total 26262 | 100 1050 1662 1053 993 1056 1606 1896 1293 1382 66 2074 356 210 97 438 1214 532 448 789 478 435 744 308 1988 261 1201 1044 818 389 281 Wait 4952 | . 202 100 126 32 264 242 209 327 169 . 320 9 4 . 21 151 125 2 46 14 42 152 76 1708 34 419 105 25 26 2 Move 18249 | 84 774 1463 786 773 647 1233 1280 808 1051 66 1563 292 195 89 366 955 381 430 653 412 337 447 163 196 200 672 731 681 290 231 Hop . | . . . . . . . . . . . . . . . . . . . . . . . . . . . . . . . Pick Up 225 | 3 14 8 16 6 11 14 13 10 13 . 12 3 . . 2 4 . . 14 2 5 5 4 1 . 16 21 18 6 4 Fast Attach 192 | 7 5 1 9 3 2 4 17 6 8 . 12 7 . 3 2 12 . 5 13 1 7 3 4 8 . 16 13 19 1 4 Attach 118 | . . 4 4 3 4 4 7 11 10 . 3 3 . . 1 1 . . 8 2 2 3 2 2 3 10 15 1 6 9 Detach 28 | . . . 2 . . 1 3 2 3 . . 1 . . . . . . 2 . . 1 . 4 . 1 1 3 . 4 Swap 370 | 1 15 18 10 19 28 31 33 25 29 . 49 8 . 2 . 17 . . 2 12 10 10 7 4 4 6 14 7 9 . Drop 282 | . 4 7 22 11 20 14 24 6 12 . 19 6 . 3 4 12 . 5 18 1 10 5 8 7 . 10 17 23 4 10 Fire 1238 | 5 36 42 66 57 73 28 80 67 48 . 70 24 11 . 42 62 26 6 33 34 21 40 44 58 19 47 96 39 47 17 Melee 279 | . . 19 11 41 6 35 55 18 36 . 24 . . . . . . . . . . . . . . 3 29 2 . . Ram 2 | . . . . . . . . . . . . . . . . . . . . . . . . . . 1 1 . . . Kick 1 | . . . . . . . . . . . . . . . . . . . . . . . . . . . 1 . . . Crush 3 | . . . 1 . 1 . . . . . . . . . . . . . . . . . . . 1 . . . . . Escape Stasis 25 | . . . . . . . 4 13 3 . 2 . . . . . . . . . 1 2 . . . . . . . . Rewire 298 | . . . . 48 . . 171 . . . . 3 . . . . . . . . . 76 . . . . . . . . Trap . | . . . . . . . . . . . . . . . . . . . . . . . . . . . . . . . Miscellaneous . | . . . . . . . . . . . . . . . . . . . . . . . . . . . . . . . Route ------- -11/Scrapyard -10/Materials (discovered 6 exits: [*Mat x3] / [*Min x2] / *Sub) -10/Subcaves (discovered 2 exits: *Mat x2) -8/Materials (discovered 2 exits: *Fac / Gar) -8/Garrison (discovered 3 exits: *Mat x3) -8/Materials -7/Factory (discovered 4 exits: *Fac / *Low x2 / Gar) -7/Garrison (discovered 3 exits: *Fac x3) -7/Factory (discovered 2 exits: *Fac x2) -6/Factory -6/Waste -6/Factory (discovered 4 exits: *Fac x2 / *Low x2) -6/Lower Caves -6/Lower Caves -6/Data Miner -5/Proximity Caves -5/Factory (discovered 2 exits: *Fac / *Upp) -5/Upper Caves -5/Upper Caves -5/Warlord -4/Proximity Caves -4/Factory (discovered 5 exits: *Res / Upp x2 / *Ext x2) -4/Extension (discovered 2 exits: *Res / *Cet) -4/Cetus (discovered 2 exits: *Res / *Arc) -4/Archives (discovered 3 exits: *Res / *Hub x2) -4/Hub_04(d) (discovered 2 exits: *Res x2) -3/Research (discovered 2 exits: *Res / *Tes) -3/Testing -2/Research -2/Quarantine -1/Access History --------- Turn | Location | Event 7 | -11/Scrapyard | Discovered new exit (range 14) 160 | -11/Scrapyard | Entered Materials 330 | -10/Materials | Build established: Mutant 541 | -10/Materials | Discovered new exit (range 7) 606 | -10/Materials | Discovered new exit (range 4) 667 | -10/Materials | Discovered new exit (range 13) 1095 | -10/Materials | Discovered new exit (range 16) 1384 | -10/Materials | Discovered new exit (range 14) 1742 | -10/Materials | Discovered new exit (range 8) 1754 | -10/Materials | Entered Subcaves 1868 | -10/Subcaves | Discovered new exit (range 13) 2706 | -10/Subcaves | Discovered new exit (range 13) 3620 | -10/Subcaves | Core integrity fell below 50% 3807 | -10/Subcaves | Shifting Twisted Machinery released Shrapnel Trap 3841 | -10/Subcaves | Shifting Twisted Machinery released Sub. Power Source 3939 | -10/Subcaves | Visited 4L-MR0's lab 3966 | -10/Subcaves | Found Meta Core 4476 | -10/Subcaves | Entered Materials 4476 | -8/Materials | Evolved 4 slots: Propulsion x1, Utility x2, Weapon x1 4783 | -8/Materials | Build established: Scavenger-Mutant 5184 | -8/Materials | Discovered new exit (range 7) 5192 | -8/Materials | Identified exit to Factory 6076 | -8/Materials | Build established: Mutant 6103 | -8/Materials | Identified exit to Garrison 6103 | -8/Materials | Entered Garrison 6191 | -8/Garrison | Triggered checkpoint 6358 | -8/Garrison | Garrison Relay disabled 6517 | -8/Garrison | Triggered checkpoint 6519 | -8/Garrison | Triggered checkpoint 6577 | -8/Garrison | Discovered new exit (range 12) 6665 | -8/Garrison | Triggered checkpoint 6745 | -8/Garrison | Garrison Relay disabled 6761 | -8/Garrison | Garrison Relay disabled 6922 | -8/Garrison | Garrison Relay disabled 7034 | -8/Garrison | Discovered new exit (range 15) 7246 | -8/Garrison | Identified exit to Materials 7389 | -8/Garrison | Discovered exit to Materials (range 10) 7453 | -8/Garrison | Build established: Scavenger-Mutant 7497 | -8/Garrison | Triggered checkpoint 7531 | -8/Garrison | Garrison Relay disabled 7607 | -8/Garrison | Phase Generator disabled 7688 | -8/Garrison | Entered Materials 8041 | -8/Materials | Discovered exit to Factory (range 3) 8282 | -8/Materials | Core integrity fell below 50% 8610 | -8/Materials | Build established: Tank 8888 | -8/Materials | First assault squad dispatched 9323 | -8/Materials | Entered Factory 9323 | -7/Factory | Evolved 2 slots: Propulsion x1, Utility x1 9348 | -7/Factory | Garrison activated, responded to threat 10357 | -7/Factory | Build established: Assassin 10753 | -7/Factory | Discovered new exit (range 13) 10874 | -7/Factory | Identified exit to Factory 11209 | -7/Factory | Discovered new exit (range 15) 11227 | -7/Factory | Identified exit to Lower Caves 11828 | -7/Factory | Build established: Skirmisher 11906 | -7/Factory | Identified exit to Garrison 11906 | -7/Factory | Entered Garrison 12186 | -7/Garrison | Triggered checkpoint 12209 | -7/Garrison | Garrison Relay disabled 12413 | -7/Garrison | Triggered checkpoint 12458 | -7/Garrison | Lost 3 parts (1p2w) 12465 | -7/Garrison | Destroyed 11 combat bots 12474 | -7/Garrison | Triggered checkpoint 12591 | -7/Garrison | Lost 4 parts (3n1w) 12824 | -7/Garrison | Found embedded Infiltrators 12838 | -7/Garrison | Build established: Mutant 12940 | -7/Garrison | Triggered checkpoint 12955 | -7/Garrison | Garrison Relay disabled 13053 | -7/Garrison | Discovered new exit (range 3) 13057 | -7/Garrison | Identified exit to Factory 13152 | -7/Garrison | Phase Generator disabled 13175 | -7/Garrison | Build established: Scavenger-Mutant 13464 | -7/Garrison | Triggered checkpoint 13553 | -7/Garrison | Garrison Relay disabled 13760 | -7/Garrison | Triggered checkpoint 13936 | -7/Garrison | Discovered exit to Factory (range 15) 14169 | -7/Garrison | Spotted B-75 Beast 14192 | -7/Garrison | Build established: Commander-Gunner 14239 | -7/Garrison | Garrison Relay disabled 14296 | -7/Garrison | Triggered checkpoint 14307 | -7/Garrison | Garrison Relay disabled 14355 | -7/Garrison | Discovered exit to Factory (range 15) 14416 | -7/Garrison | Core integrity fell below 50% 14427 | -7/Garrison | Lost 4 allies 14636 | -7/Garrison | Entered Factory 14636 | -7/Factory | Accompanied by 3 allies 14776 | -7/Factory | Repaired Arm. Huge Wheel 14821 | -7/Factory | Repaired Gauss Rifle+ 15036 | -7/Factory | First assault squad dispatched 15064 | -7/Factory | Build established: Assassin 15448 | -7/Factory | Discovered exit to Factory (range 16) 15727 | -7/Factory | Crushed by falling debris 15728 | -7/Factory | System corruption reached 10% 15758 | -7/Factory | Lost 3 parts (3u) 15924 | -7/Factory | Core integrity fell below 20% 16206 | -7/Factory | Build established: Mutant 16290 | -7/Factory | Discovered exit to Factory (range 15) 16341 | -7/Factory | Entered another Factory area 16341 | -6/Factory | Evolved 2 slots: Power x1, Utility x1 17011 | -6/Factory | Cargo convoy interrupted 17384 | -6/Factory | Lost 4 parts (1p1n1u1w) 17650 | -6/Factory | Attached Meta Core, gained temporary slots: Propulsion, Utility, Weapon 17898 | -6/Factory | Found Launcher Loader 17957 | -6/Factory | Build established: Gunner 17986 | -6/Factory | Spotted B-75 Beast 18333 | -6/Factory | Sucked down chute 18333 | -6/Factory | Entered Waste 18344 | -6/Waste | Spotted C-40 Crusher 18348 | -6/Waste | EMP discharged 18348 | -6/Waste | System corruption reached 10% 18357 | -6/Waste | Spotted C-40 Crusher 18371 | -6/Waste | Spotted C-40 Crusher 18372 | -6/Waste | Spotted C-40 Crusher 18378 | -6/Waste | Spotted C-40 Crusher 18381 | -6/Waste | Spotted C-40 Crusher 18383 | -6/Waste | Crushed by Compactor (1 part destroyed, 2 dropped) 18386 | -6/Waste | Crushed by Compactor (1 part destroyed) 18392 | -6/Waste | Discovered new exit (range 16) 18405 | -6/Waste | Identified exit to Factory 18406 | -6/Waste | Entered Factory 18417 | -6/Factory | Lost 3 parts (1p2w) 18748 | -6/Factory | Repaired Arm. Huge Wheel+ 18983 | -6/Factory | Build established: Assassin 19000 | -6/Factory | Repaired Arm. Medium Treads 19489 | -6/Factory | Discovered new exit (range 12) 19537 | -6/Factory | Identified exit to Factory 19626 | -6/Factory | Build established: Skirmisher 20150 | -6/Factory | Discovered exit to Factory (range 8) 20731 | -6/Factory | Identified exit to Lower Caves 20887 | -6/Factory | Build established: Gunner 21016 | -6/Factory | Entered Lower Caves 21069 | -6/Lower Caves | Attracted the attention of an 0b10 base 21109 | -6/Lower Caves | Core integrity fell below 50% 21165 | -6/Lower Caves | Met a Warlord Commander 21166 | -6/Lower Caves | Learned location of Warlord (-5) 21167 | -6/Lower Caves | Warlord Commander delivered Encrypted Comm Array 21169 | -6/Lower Caves | Found Unknown Device 21170 | -6/Lower Caves | Identified Encrypted Comm Array 21190 | -6/Lower Caves | Lost 4 parts (1n1u2w) 21198 | -6/Lower Caves | Learned Extension trap positions 21274 | -6/Lower Caves | Entered an active Warlord outpost 21290 | -6/Lower Caves | Learned Research trap positions 21290 | -6/Lower Caves | Learned Research emergency access door positions 21290 | -6/Lower Caves | Learned Extension security intel 21452 | -6/Lower Caves | Learned Factory interactive machine intel 21473 | -6/Lower Caves | Discovered new exit (range 7) 21479 | -6/Lower Caves | Identified exit to Lower Caves 21482 | -6/Lower Caves | Entered another Lower Caves area 21599 | -6/Lower Caves | Build established: Skirmisher 21727 | -6/Lower Caves | Discovered new exit (range 8) 21738 | -6/Lower Caves | Attracted the attention of an 0b10 checkpoint 21741 | -6/Lower Caves | Identified exit to Data Miner 21742 | -6/Lower Caves | Entered Data Miner 21744 | -6/Data Miner | Discovered new exit (range 6) 21764 | -6/Data Miner | Met Data Miner 21784 | -6/Data Miner | Learned location of Section 7 (-2) 21784 | -6/Data Miner | Acquired the access code to Warlord's prototype stash 21799 | -6/Data Miner | Received God Mode back door access code from Data Miner 21845 | -6/Data Miner | Identified exit to Proximity Caves 21846 | -6/Data Miner | Entered Proximity Caves 22403 | -5/Proximity Caves | Discovered exit to Factory (range 3) 22410 | -5/Proximity Caves | Entered Factory 22410 | -5/Factory | Evolved 2 slots: Propulsion x1, Utility x1 22411 | -5/Factory | Loaded intel: 54 interactive machine locations 22842 | -5/Factory | Unchained authorized (GL-D0S) 23312 | -5/Factory | Discovered new exit (range 14) 23325 | -5/Factory | Identified exit to Factory 23372 | -5/Factory | Build established: Gunner 23762 | -5/Factory | Build established: Skirmisher 23788 | -5/Factory | Incoming investigation squad redirected 23853 | -5/Factory | Discovered new exit (range 16) 23915 | -5/Factory | Identified exit to Upper Caves 23916 | -5/Factory | Entered Upper Caves 24541 | -5/Upper Caves | Discovered new exit (range 10) 24549 | -5/Upper Caves | Identified exit to Upper Caves 24551 | -5/Upper Caves | Entered another Upper Caves area 24686 | -5/Upper Caves | Entered an active Warlord outpost 24698 | -5/Upper Caves | Learned 8 Factory zone layouts 24698 | -5/Upper Caves | Learned Extension stockpile data 24698 | -5/Upper Caves | Learned Extension garrison access intel 24975 | -5/Upper Caves | Learned Factory trap positions 25024 | -5/Upper Caves | Encountered a Warlord checkpoint 25054 | -5/Upper Caves | Discovered new exit (range 6) 25059 | -5/Upper Caves | Identified exit to Warlord 25076 | -5/Upper Caves | Learned 8 Factory zone layouts 25091 | -5/Upper Caves | Entered Warlord 25136 | -5/Warlord | System corruption cleaned by Quarantine Array 25226 | -5/Warlord | Visited the Vortex Lab 25234 | -5/Warlord | Found Prototype Energy Gun 25234 | -5/Warlord | Identified Vortex Rail 25236 | -5/Warlord | Found Vortex Rail 25241 | -5/Warlord | Warlord's base attacked by MAIN.C 25275 | -5/Warlord | Met Warlord 25416 | -5/Warlord | Opened Warlord's prototype stash 25422 | -5/Warlord | Found Prototype Reactor 25426 | -5/Warlord | Found Prototype Processor 25426 | -5/Warlord | Identified Exp. Targeting Computer 25432 | -5/Warlord | Found Prototype Hackware 25438 | -5/Warlord | Found Prototype Processor 25438 | -5/Warlord | Identified Exp. Armor Integrity Analyzer 25591 | -5/Warlord | Warlord forces counterattacked 25676 | -5/Warlord | Spotted Striker 25693 | -5/Warlord | Spotted Executioner 25695 | -5/Warlord | Spotted Striker 25696 | -5/Warlord | Spotted Striker 25742 | -5/Warlord | Build established: Gunner 25746 | -5/Warlord | Destroyed 10 combat bots 25750 | -5/Warlord | Lost 4 parts (2n2w) 25750 | -5/Warlord | Lost 14 allies 25761 | -5/Warlord | Spotted Striker 25767 | -5/Warlord | Spotted Executioner 25774 | -5/Warlord | Destroyed Executioner 25822 | -5/Warlord | Lost 9 allies 25905 | -5/Warlord | Spotted Executioner 25916 | -5/Warlord | Warlord base infiltrated, sounded retreat 25932 | -5/Warlord | Destroyed Executioner 26016 | -5/Warlord | Spotted B-86 Titan 26020 | -5/Warlord | Spotted Striker 26022 | -5/Warlord | Spotted Striker 26040 | -5/Warlord | Destroyed Striker 26047 | -5/Warlord | Spotted Executioner 26059 | -5/Warlord | Spotted Executioner 26064 | -5/Warlord | Discovered new exit (range 15) 26079 | -5/Warlord | Identified exit to Proximity Caves 26087 | -5/Warlord | Entered Proximity Caves 26096 | -4/Proximity Caves | Spotter reported a threat 26098 | -4/Proximity Caves | Lost 11 allies 26510 | -4/Proximity Caves | Learned Research emergency access door positions 26638 | -4/Proximity Caves | Core integrity fell below 50% 26681 | -4/Proximity Caves | Discovered exit to Factory (range 12) 26704 | -4/Proximity Caves | System corruption reached 10% 26705 | -4/Proximity Caves | Entered Factory 26705 | -4/Factory | Evolved 2 slots: Power x1, Utility x1 26706 | -4/Factory | Identified exit to Research 26706 | -4/Factory | Identified exit to Upper Caves 26707 | -4/Factory | Loaded intel: 124 trap records 26724 | -4/Factory | Build established: Scavenger-Gunner 26757 | -4/Factory | Identified System Mapper 26886 | -4/Factory | Identified exit to Extension 26886 | -4/Factory | Watched by a mysterious "MATRIX" hacker 26912 | -4/Factory | Garrison activated, responded to threat 26978 | -4/Factory | Crushed by falling debris 27262 | -4/Factory | Entered Extension 27263 | -4/Extension | Loaded intel: 15 trap records 27297 | -4/Extension | Identified Vortex Chain Reactor 27327 | -4/Extension | Rescued a captive Derelict 27580 | -4/Extension | Build established: Hacker-Tank 27723 | -4/Extension | Rescued a captive Derelict 27725 | -4/Extension | Rescued a captive Derelict 27948 | -4/Extension | Rescued a captive Derelict 27949 | -4/Extension | Rescued a captive Derelict 28105 | -4/Extension | Rescued a captive Derelict 28107 | -4/Extension | Rescued a captive Derelict 28210 | -4/Extension | Rescued A7 28230 | -4/Extension | Lost 3 allies 28424 | -4/Extension | Discovered exit to Research (range 10) 28426 | -4/Extension | Discovered new exit (range 6) 28432 | -4/Extension | Identified exit to Cetus 28474 | -4/Extension | Entered Cetus 28474 | -4/Cetus | Accompanied by 12 allies (A7) 28479 | -4/Cetus | Acquired a Cetus Manufacturing Module code from A7 28492 | -4/Cetus | Spotted Cetus Guard 28492 | -4/Cetus | Spotted Cetus Guard 28501 | -4/Cetus | Destroyed Cetus Guard 28501 | -4/Cetus | Spotted Cetus Guard 28502 | -4/Cetus | Allies destroyed Cetus Guard 28503 | -4/Cetus | Spotted Cetus Guard 28519 | -4/Cetus | Destroyed Cetus Guard 28522 | -4/Cetus | Allies destroyed Cetus Guard 28572 | -4/Cetus | Cetus Manufacturing Module disabled 28599 | -4/Cetus | Failed to start Cetus Manufacturing Module 28658 | -4/Cetus | Build established: Commander-Tank 28658 | -4/Cetus | Discovered new exit (range 16) 28698 | -4/Cetus | Spotted Cetus Guard 28698 | -4/Cetus | Spotted Cetus Guard 28705 | -4/Cetus | Spotted Cetus Guard 28711 | -4/Cetus | Destroyed Cetus Guard 28711 | -4/Cetus | Spotted Cetus Guard 28714 | -4/Cetus | Destroyed Cetus Guard 28721 | -4/Cetus | Destroyed Cetus Guard 28725 | -4/Cetus | Destroyed Cetus Guard 28736 | -4/Cetus | Discovered exit to Research (range 15) 28743 | -4/Cetus | Met Revision 17 28842 | -4/Cetus | Murdered A7 28846 | -4/Cetus | Extracted ID and sensor layout for unrecognized location from A7's data core 28872 | -4/Cetus | Identified exit to Archives 28887 | -4/Cetus | Entered Archives 28887 | -4/Archives | Accompanied by 8 allies 28947 | -4/Archives | Discovered exit to Research (range 14) 28990 | -4/Archives | Discovered new exit (range 14) 29144 | -4/Archives | Discovered new exit (range 15) 29567 | -4/Archives | Identified exit to Hub_04(d) 31009 | -4/Archives | Entered Hub_04(d) 31009 | -4/Hub_04(d) | Accompanied by 7 allies 31016 | -4/Hub_04(d) | Discovered exit to Research (range 13) 31232 | -4/Hub_04(d) | Discovered exit to Research (range 14) 31295 | -4/Hub_04(d) | Lost 4 allies 31352 | -4/Hub_04(d) | Spotted B-86 Titan 31373 | -4/Hub_04(d) | Entered Research 31373 | -3/Research | Evolved 2 slots: Propulsion x1, Utility x1 31374 | -3/Research | Loaded intel: 109 trap records 31404 | -3/Research | Lost 13 parts (2p3n4u4w) 31914 | -3/Research | Lost 3 parts (1p1n1w) 31922 | -3/Research | Build established: Scavenger-Mutant 32032 | -3/Research | Central database locked down 32305 | -3/Research | System corruption reached 10% 32644 | -3/Research | Discovered new exit (range 21) 32647 | -3/Research | Discovered new exit (range 4) 32651 | -3/Research | Identified exit to Testing 32865 | -3/Research | Build established: Scavenger-Tank 32882 | -3/Research | Entered Testing 33189 | -3/Testing | Found Prototype Processor 33202 | -3/Testing | Identified Exp. Signal Interpreter 33476 | -3/Testing | Found Prototype Device 33483 | -3/Testing | Identified 2N-1CE's Frost Array 33507 | -3/Testing | Build established: Tank 33825 | -3/Testing | Lost 4 parts (1p2n1w) 33832 | -3/Testing | Garrison activated, responded to threat 33870 | -3/Testing | Incoming investigation squad redirected 33946 | -3/Testing | Core integrity fell below 50% 34027 | -3/Testing | Lost 13 parts (3p3n2u5w) 34180 | -3/Testing | Found Prototype Launcher 34182 | -3/Testing | Identified Z-bomb Delivery System 34225 | -3/Testing | System corruption reached 30% 34241 | -3/Testing | Core integrity fell below 20% 34276 | -3/Testing | Lost 5 parts (2p2n1u) 34302 | -3/Testing | Scanned by Researcher 34404 | -3/Testing | Discovered new exit (range 8) 34411 | -3/Testing | Identified exit to Research 34412 | -3/Testing | Entered Research 34412 | -2/Research | Warlord forces began assault on 0b10 34412 | -2/Research | Evolved 2 slots: Utility x1, Weapon x1 34437 | -2/Research | Distinguished unit "Death Star" dispatched to help 34437 | -2/Research | Distinguished unit "Magnificent Bastards" dispatched to help 34522 | -2/Research | Research machine network offline 34575 | -2/Research | Lost 8 allies 34702 | -2/Research | Spotted Striker 34704 | -2/Research | Destroyed Striker 34772 | -2/Research | Build established: Scavenger-Gunner 34998 | -2/Research | Spotted Executioner 35018 | -2/Research | Spotted Executioner 35044 | -2/Research | Lost 3 allies 35064 | -2/Research | Found Prototype Processor 35064 | -2/Research | Identified Exp. Core Analyzer 35189 | -2/Research | Spotted Striker 35191 | -2/Research | Spotted Executioner 35204 | -2/Research | Destroyed Striker 35254 | -2/Research | Found Exp. Core Analyzer 35307 | -2/Research | Met up with Warlord 35383 | -2/Research | Borebot progress halted 35421 | -2/Research | Borebot progress halted 35445 | -2/Research | Warlord invited to help at Command 35445 | -2/Research | Given Cave Seal Controls access code 35549 | -2/Research | Spotted B-90 Cyclops 35593 | -2/Research | Borebot progress halted 35680 | -2/Research | Destroyed B-90 Cyclops 35685 | -2/Research | Discovered new exit (range 22) 35760 | -2/Research | Identified exit to Quarantine 35761 | -2/Research | Entered Quarantine 35794 | -2/Quarantine | Spotted Alpha 7 35835 | -2/Quarantine | Lost 5 allies 35897 | -2/Quarantine | Garrison activated, responded to threat 35938 | -2/Quarantine | Lost 3 allies 36016 | -2/Quarantine | Build established: Scavenger-Tank 36161 | -2/Quarantine | Discovered new exit (range 19) 36282 | -2/Quarantine | Found Alien Reactor 36388 | -2/Quarantine | Lost 3 parts (2u1w) 36411 | -2/Quarantine | Destroyed 8 combat bots 36437 | -2/Quarantine | Identified exit to Access 36438 | -2/Quarantine | Entered Access 36438 | -1/Access | Evolved 2 slots: Power x1, Utility x1 36498 | -1/Access | Allied Derelicts emerged from ambush trap array 36528 | -1/Access | Garrison activated, responded to threat 36574 | -1/Access | Lost 6 allies 36590 | -1/Access | Spotted B-99 Colossus 36635 | -1/Access | Destroyed 7 combat bots 36677 | -1/Access | Lost 12 parts (1p3n4u4w) 36689 | -1/Access | Spotted B-99 Colossus 36704 | -1/Access | Core integrity fell below 50% 36725 | -1/Access | Found Fusion Bomb Launcher 36731 | -1/Access | Identified Matter Drive 36732 | -1/Access | Core integrity fell below 20% 36739 | -1/Access | Destroyed by S-43 Plague with Heavy Machine Gun Last Messages --------------- 36690_ Slug penetrates Wall. 36690_ Penetrated by Slug. 36690_ Slug penetrates Wall. 36693_ Penetrated by Slug. 36693_ Hacking Suite destroyed. 36693_ Slug penetrates Wall. 36693_ Penetrated by Slug. 36717_ Connecting with Terminal... 36717_ ALERT: Suspicious activity at Terminal A018. Dispatching Investigation squad. 36725_ Imp. Hacking Suite destroyed. 36725_ Acquired Fusion Bomb Launcher. 36729_ ALERT: Potential suspicious activity detected, Q-Series report to Access Zone 7O. 36731_ Fusion Bomb Launcher destroyed. 36731_ Identified Matter Drive. 36736_ S-43 Plague destroyed. 36736_ Exp. Core Analyzer destroyed. 36737_ Enh. Optical Array destroyed. 36739_ Matter Drive destroyed. Map ----- +----------------------------------------------------+ | ?### #???????? | | ?# """ """ #???????? | | ?# """G""" ########????????? | | ###""##+########### #???????????????? | | # " #????????? #???????????????? | | # """ ########## #???????????????? | | # """ # ##########??????? | | # " # ??????? | | # " ?????? | | #! # ????? | | # # " " ???? | | # = ### """ """ ???? | | # #?# """ """ ???? | | ##########?# " " ???? | | ???????????# g ???? | | ???????????# #????? | | ?? ????????# #????? | | ?# ??????# #????? | | ?# ""F????# ????? | | ?# "" ""??# ######?????? | | ?# # #??????????? | | ?# + #??????????? | | ?# ! = # #??????????? | | ???##+###?## #??????????? | | ????# ##### #??????????? | | ????# g@g #??????????? | | ????# ##### ggg #??????????? | | ???##+#####;;;######## #???#??????? | | ???# ;#??????# #?? #??????? | | ???# %[ ##??????# ### #??????? | | ???# " =s #???????# #??????? | | ???# """ #???????# #??????? | | ???# """s #???????# +??????? | | ???# " s #???????# #??????? | | ???# s ]#???????# ######## | | ???#= s #?###+### | | ???###+#+####### # ] ######## | | ?????# "" # #??????? | | ?????# T" +??????? | | ?????# ### #??????? | | ?????###+####### #?? #??????? | | ???????????????#######?? #??????? | | ???????????????????????? #??????? | | ???????????????????????? #??????? | | ???????????????????????? +??????? | | ????????????????????????###+##+#??????? | | ??????????????????????????????????????? | | ??????????????????????????????????????? | | ??????????????????????????????????????? | | ??????????????????????????????????????? | +----------------------------------------------------+ Best States ------------- Heat Dissipation 168 Energy Generation 69 Energy Capacity 915 Matter Stores 300 Matter Capacity 300 Sight Range 22 Robot Scan Range 16 Terrain Scan Range 20 Terrain Scan Density 210 Jamming Range 12 Base Temperature (-) 200 Armor Coverage 1650 Resistance: KI 30 Resistance: TH 15 Resistance: EM 20 Core Shielding 30 Propulsion Shielding 33 Evasion (%) 55 Targeting Accuracy 20 Target Analysis 8 Core Analysis 8 Recoil Reduction 8 Kinecelleration 40 Salvage Targeting 3 Offensive Hacking 22 Defensive Hacking 12 Item Schematics ----------------- Combat Drone Bay | -6/Data Miner | Free Lgt. Regenerative Plating | -6/Data Miner | Free Cld. Nuclear Pulse Thruster | -6/Data Miner | Free Prc. Matter Filter | -6/Data Miner | Free Cld. Plasma Rifle | -6/Data Miner | Free Imp. Point Defense System | -6/Data Miner | Free Shield Leg | -6/Data Miner | Free Phase Gun | -6/Data Miner | Free Cmb. Antigrav System | -6/Data Miner | Free Exp. Cooling System | -3/Testing | Archive Lrn. Phase Cannon | -3/Testing | Archive Robot Schematics ------------------ M-22 Extractor | -6/Data Miner | Free B-48 Gladiator | -6/Data Miner | Free Y-64 Sentinel | -6/Data Miner | Free X-62 Marksman | -6/Data Miner | Free X-67 Chaingunner | -6/Data Miner | Free G-50 Soldier | -6/Data Miner | Free A-02 Transporter | -3/Testing | Archive Fabricated ------------ Nothing Repaired ---------- Arm. Huge Wheel | 32% | -7/Factory Gauss Rifle | 12% | -7/Factory Arm. Huge Wheel | 50% | -6/Factory Arm. Medium Treads | 7% | -6/Factory Studied --------- Gauss Rifle | -7/Factory | Hacked Lgt. Deuterium Engine | -7/Factory | Hacked Katana | -7/Factory | Hacked Arm. Huge Wheel | -6/Factory | Hacked Lrn. Proton Cannon | -6/Factory | Hacked Magnetic Acceleration Cannon | -6/Factory | Hacked Arm. Medium Treads | -5/Factory | Hacked Centrium Wheel | -3/Research | Hacked Lgt. Particle Reactor | -3/Research | Hacked Nova Cannon | -3/Testing | Hacked Hyp. Railgun | -2/Quarantine | Hacked Alien Tech Used ----------------- Matter Drive Achievements -------------- None Challenges ------------ None Game ------ Seed PointScrapoidDetonator Manual? 0 Play Time 06:04:40 Cumulative 583.3 hours Start 2026.08.16 @ 12:29:32 End 2026.08.18 @ 20:37:57 Sessions 13 Manual Loads 0 Difficulty Rogue Special Mode None Game No. 201 Rogue 180 Adventurer 21 Explorer 0 Win Type - Total 30 Types 17/1/7/1/0/0/0/3/0/1 Lore% 70 Gallery% 77 Achievement% 70 Wizard Run 0 Options --------- Layout 1 ASCII 0 Keyboard 0 Movement Mouse Keybinds 0 Fullscreen 2 Font 32/SmallcapsGlow Map View 77x35 Zoom Use 0% Tactical HUD 1 Map Filters NONE Filters NONE Steam 1 RUN: b644601b-4a30-4016-a3cb-0d8f0e68018e